 Dungeon Crawl Stone Soup version 0.32-a0-999-gfa1cc04b1d (webtiles) character file.

Game seed: 14320316906508612233

1021203 HilariousDeathArtist the Conqueror (level 27, -19/226 (249) HPs)
             Began as a Coglin Fighter on Apr 23, 2024.
             Was the Champion of the Shining One.
             Demolished by a stone giant (23 damage)
             ... on level 2 of Tartarus on Apr 24, 2024.
             The game lasted 02:03:04 (75254 turns).

HilariousDeathArtist the Conqueror (CoFi)          Turns: 75254, Time: 02:03:04

HP:   -19/226 (249) AC: 48    Str: 28    XL:     27
MP:   25/40         EV: 15    Int:  6    God:    the Shining One [******]
Gold: 9584          SH:  0    Dex: 16    Spells: 26/52 levels left

rFire   . . .        a - +9 broad axe (spect) {Nhalahla}
rCold   + . .        b - +9 broad axe (holy) {Ingwe}
rNeg    + + +        o - +10 crystal plate armour of the Original Sin {rPois Regen+ SInv}
rPois   +            W - +2 hat {Will+}
rElec   .            A - +2 cloak
rCorr   .            C - +2 pair of gloves {Stlth+}
SInv    +            Q - +2 pair of boots {Fly}
Will    +....        (amulet unavailable) Stlth
                     (ring unavailable)
HPRegen 2.17/turn    (ring unavailable)
MPRegen 0.67/turn    f - ultratransmogrifier WL-00 {rC+ Regen+ RegenMP+ Slay+3}

%: random rage (3%)
@: lethally poisoned (-19 -> -22), marked, flying, mesmerised, slowed, glowing,
studying 2 skills, drained, weak-willed, revving, very slow
A: off-hand wielding, slow wielding, warmup strikes, no jewellery, antennae 1,
iridescent scales 1, berserk 1, deformed body, dopey 1
}: 10/15 runes: barnacled, slimy, silver, icy, demonic, glowing, magical, fiery,
dark, gossamer
a: Renounce Religion, Divine Shield, Cleansing Flame, Summon Divine Warrior


You were on level 2 of Tartarus.
You worshipped the Shining One.
The Shining One was exalted by your worship.
You visited 14 branches of the dungeon, and saw 61 of its levels.
You visited Pandemonium 2 times, and saw 22 of its levels.
You visited the Abyss 1 time.
You also visited: Trove, Bailey and Ice Cave.

You collected 13290 gold pieces.
You spent 3706 gold pieces at shops.

Inventory:

Hand Weapons
 a - a +9 spectral broad axe (weapon) {Nhalahla}
   (You took it off an orc warrior in a bailey)
 b - a +9 broad axe of holy wrath (offhand) {Ingwe}
   (You acquired it on level 4 of the Depths)
Armour
 o - the +10 crystal plate armour of the Original Sin (worn) {rPois Regen+ SInv}
   (You acquired it on level 1 of the Lair of Beasts)

   rPois:     It protects you from poison.
   SInv:      It lets you see invisible.
   Regen+:    It increases your rate of health regeneration.
 A - a +2 cloak (worn)
   (You found it on level 3 of the Lair of Beasts)
 C - a +2 pair of gloves of stealth (worn)
   (You found it on level 4 of the Dungeon)
 Q - a +2 pair of boots of flying (worn)
   (You found it on level 3 of the Crypt)
 W - a +2 hat of willpower (worn)
   (You found it on level 4 of the Spider Nest)
Gizmo
 f - an ultratransmogrifier WL-00 (installed) {rC+ Regen+ RegenMP+ Slay+3}
   (You invented it yourself on level 4 of the Lair of Beasts)

   [ultratransmogrifier WL-00]

   Slay+3:    It affects your accuracy & damage with ranged weapons and melee
   (+3).
   rC+:       It protects you from cold.
   Regen+:    It increases your rate of health regeneration.
   RegenMP+:  It increases your rate of magic regeneration.
Wands
 d - a wand of digging (31)
   (You found it on level 9 of the Dungeon)
 i - a wand of iceblast (107)
   (You took it off Maurice on level 12 of the Dungeon)
 n - a wand of quicksilver (42)
   (You found it on level 4 of the Vaults)
 p - a wand of paralysis (103)
   (You found it on level 2 of the Shoals)
 y - a wand of mindburst (32)
   (You found it on level 4 of the Depths)
Scrolls
 c - a scroll of enchant weapon
 k - 9 scrolls of poison
 r - 11 scrolls of fog
 s - 12 scrolls of revelation
 D - 4 scrolls of blinking {!r}
 E - 12 scrolls of fear
 K - 12 scrolls of immolation {!r}
 O - 5 scrolls of silence
 S - a scroll of summoning
 Y - 23 scrolls of teleportation {@r3}
Potions
 e - 9 potions of magic
 l - 7 potions of cancellation
 B - 18 potions of brilliance
 F - 12 potions of enlightenment
 G - 18 potions of ambrosia {!q}
 H - 10 potions of haste
 J - 29 potions of curing {@q1}
 M - 18 potions of might
 N - 11 potions of heal wounds {@q2}
 P - 10 potions of lignification {!q}
 R - 10 potions of resistance
 T - 9 potions of berserk rage {!q}
 U - 7 potions of mutation {!q}
Miscellaneous
 g - a tin of tremorstones (1/2)
   (You found it on level 4 of the Shoals)
 m - a phantom mirror (inert)
   (You found it on level 5 of the Vaults)
 v - a lightning rod (4/4)
   (You found it on level 5 of the Vaults)
 w - a phial of floods
   (You found it in an ice cave)
 z - a box of beasts (inert)
   (You found it on level 4 of the Shoals)


   Skills:
 O Level 27 Fighting
 + Level 18.8 Axes
 + Level 24.4 Armour
 + Level 20.3 Dodging
 + Level 13.9 Stealth
 + Level 4.6 Shields
 * Level 13.2 Spellcasting
 + Level 7.0 Conjurations
 * Level 14.3 Translocations
 + Level 18.4 Invocations
 + Level 26.8 Evocations


You had 26 spell levels left.
You knew the following spells:

 Your Spells              Type           Power      Damage    Failure   Level
a - Passage of Golubria   Tloc           21%        N/A       2%          4
b - Blink                 Tloc           42%        N/A       1%          2
c - Manifold Assault      Tloc           10%        N/A       93%         7
d - Dispersal             Tloc           10%        N/A       38%         6
g - Apportation           Tloc           42%        N/A       1%          1
x - Gell's Gavotte        Tloc           10%        2d(16-23) 38%         6

Your spell library contained the following spells:

 Spells                   Type           Power      Damage    Failure   Level
 Lesser Beckoning         Tloc           42%        N/A       1%          2
 Momentum Strike          Conj/Tloc      32%        3d8       1%          2
 Maxwell's Portable Pile  Tloc           21%        2d(7-19)  1%          3
 Teleport Other           Tloc           21%        N/A       1%          3
 Magic Dart               Conj           48%        1d5       5%          1
 Searing Ray              Conj           24%        2d5       9%          2
 Iskenderun's Mystic Bla Conj/Tloc 16%            2d5        (+2d2     12%         4
 Volatile Blastmotes      Fire/Tloc      24%        2d12      16%         3
 Foxfire                  Conj/Fire      32%        2x1d5     22%         1
 Kiss of Death            Conj/Necr      32%        2d7       22%         1
 Sting                    Conj/Alch      32%        1d5       22%         1
 Dimensional Bullseye     Hex/Tloc       6%         N/A       45%         4
 Vhi's Electric Charge    Tloc/Air       24%        N/A       45%         4
 Dazzling Flash           Conj/Hex       16%        N/A       56%         3
 Hailstorm                Conj/Ice       8%         3d5       56%         3
 Stone Arrow              Conj/Erth      16%        3d8       56%         3
 Freeze                   Ice            12%        1d3       69%         1
 Necrotise                Necr           12%        1d4       69%         1
 Sandblast                Erth           6%         2d5       69%         1
 Summon Small Mammal      Summ           12%        N/A       69%         1
 Mephitic Cloud           Conj/Alch/Air  6%         N/A       75%         3
 Summon Forest            Summ/Tloc      6%         N/A       82%         5
 Call Imp                 Summ           6%         N/A       83%         2
 Cigotuvi's Dreadful Rot  Necr/Alch/Air  6%         N/A       83%         2
 Ensorcelled Hibernation  Hex/Ice        6%         N/A       83%         2
 Jinxbite                 Hex            6%         N/A       83%         2
 Mercury Vapours          Alch/Air       6%         N/A       83%         2
 Sublimation of Blood     Necr           3%         N/A       83%         2
 Brom's Barrelling Bould  Conj/Erth      8%         2d3       92%         4
 Fulminant Prism          Conj/Alch      4%         3d5       92%         4
 Call Canine Familiar     Summ           3%         N/A       96%         3
 Confusing Touch          Hex            3%         N/A       96%         3
 Frozen Ramparts          Ice            6%         1d1       96%         3
 Fugue of the Fallen      Necr           3%         N/A       96%         3
 Inner Flame              Hex/Fire       3%         N/A       96%         3
 Ozocubu's Armour         Ice            3%         N/A       96%         3
 Passwall                 Erth           3%         N/A       96%         3
 Sigil of Binding         Hex            3%         N/A       96%         3
 Summon Ice Beast         Ice/Summ       3%         N/A       96%         3
 Swiftness                Air            3%         N/A       96%         3
 Arcjolt                  Conj/Air       4%         1d14      99%         5
 Irradiate                Conj/Alch      4%         3d13      99%         5
 Anguish                  Hex/Necr       1%         N/A       100%        4
 Animate Armour           Summ/Erth      6%         N/A       100%        4
 Animate Dead             Necr           3%         N/A       100%        4
 Dispel Undead            Necr           3%         3d7       100%        4
 Ignite Poison            Fire/Alch      3%         N/A       100%        4
 Leda's Liquefaction      Alch/Erth      1%         N/A       100%        4
 Martyr's Knell           Necr/Summ      3%         N/A       100%        4
 Olgreb's Toxic Radiance  Alch           3%         N/A       100%        4
 Petrify                  Alch/Erth      3%         N/A       100%        4
 Sticky Flame             Fire/Alch      3%         2d4       100%        4
 Summon Blazeheart Golem  Fire/Summ      3%         N/A       100%        4
 Summon Lightning Spire   Summ/Air       3%         N/A       100%        4
 Alistair's Intoxication  Alch           2%         N/A       100%        5
 Borgnjor's Vile Clutch   Necr/Erth      1%         N/A       100%        5
 Freezing Cloud           Conj/Ice/Air   3%         6-21      100%        5
 Lee's Rapid Deconstruct  Erth           1%         3d4*      100%        5
 Metabolic Englaciation   Hex/Ice        1%         N/A       100%        5
 Silence                  Hex/Air        1%         N/A       100%        5
 Summon Mana Viper        Hex/Summ       3%         N/A       100%        5
 Yara's Violent Unravell  Hex/Alch       1%         3d3       100%        5
 Bombard                  Conj/Erth      4%         9d2       100%        6
 Conjure Ball Lightning   Conj/Air       4%         3x3d6     100%        6
 Death Channel            Necr           1%         N/A       100%        6
 Eringya's Noxious Bog    Alch           1%         4d6       100%        6
 Permafrost Eruption      Ice/Erth       1%         2x4d2     100%        6
 Plasma Beam              Fire/Air       1%         2x1d11    100%        6
 Starburst                Conj/Fire      4%         6d3       100%        6
 Summon Cactus Giant      Summ           1%         N/A       100%        6
 Enfeeble                 Hex            1%         N/A       100%        7
 Haunt                    Necr/Summ      1%         N/A       100%        7
 Magnavolt                Erth/Air       1%         3d9       100%        7
 Monstrous Menagerie      Summ           1%         N/A       100%        7
 Orb of Destruction       Conj           6%         9d6       100%        7
 Ozocubu's Refrigeration  Ice            1%         4d7       100%        7
 Seismic Cannonade        Alch/Erth      1%         6d4       100%        7
 Spellforged Servitor     Conj/Summ      4%         N/A       100%        7
 Summon Hydra             Summ           1%         N/A       100%        7
 Disjunction              Tloc           10%        N/A       100%        8
 Fulsome Fusillade        Conj/Alch      4%         (3-5)d4   100%        8
 Ignition                 Fire           1%         3d3       100%        8
 Infestation              Necr           1%         N/A       100%        8
 Lehudib's Crystal Spear  Conj/Erth      4%         10d3      100%        8
 Maxwell's Capacitive Co  Air            1%         ∞         100%        8
 Polar Vortex             Ice            1%         N/A       100%        9


Dungeon Overview and Level Annotations

Branches:
Dungeon (15/15)            Temple (1/1) D:5            Lair (5/5) D:9
 Shoals (4/4) Lair:2       Spider (4/4) Lair:3        Slime (5/5) Lair:5
    Orc (2/2) D:12            Elf (3/3) Orc:2        Vaults (5/5) D:14
  Crypt (3/3) Vaults:3       Tomb (0/3) Crypt:3      Depths (4/4) D:15
   Hell (visited)             Dis (0/7) Hell            Geh (0/7) Hell
    Coc (7/7) Hell            Tar (2/7) Hell            Zot (0/5) Depths:4
 Bailey (visited)           IceCv (visited)

Altars:
Ashenzari
Cheibriados
Dithmenos
Elyvilon
Fedhas
Gozag
Hepliaklqana
Kikubaaqudgha
Makhleb
Nemelex Xobeh
Okawaru
Qazlal
Ru
Sif Muna
Trog
Uskayaw
Vehumet
Wu Jian
Xom
Yredelemnul
Zin
The Shining One
Jiyva

Shops:
D:14 ::   Orc:2 =(:[   Shoals:1 *   Shoals:4 =   Vaults:1 [   Vaults:2 :

Portals:
Hell: Depths:1 Depths:2 Depths:3 Depths:4
Abyss: Depths:3
Pandemonium: Depths:2
Ziggurat: Depths:4


Innate Abilities, Weirdness & Mutations

You can wield a second weapon in your off-hand.
It takes a long time for you to wield or remove held weapons.
Your first few attacks do less damage.
You cannot equip rings or amulets.
You have a pair of small antennae on your head.
You are partially covered in iridescent scales. (AC +2)
You sometimes lose your temper in combat.
Armour fits poorly on your strangely shaped body.
You are dopey. (Int -2)


Message History

The titan barely misses your +9 spectral broad axe {Nhalahla}.
You take 2 damage, and have 90/218 hp.
You slice the tainted leviathan with your +9 broad axe of holy wrath!!
The tainted leviathan convulses.
You slash the titan with your +9 broad axe of holy wrath!
You slash the fire giant zombie with your +9 broad axe of holy wrath!
The fire giant zombie convulses.
You cut the tainted leviathan into ribbons with your +9 spectral broad axe!!!
You are no longer entranced.
You destroy the tainted leviathan!
The Shining One accepts your kill.
You feel better.
You slash the titan with your +9 spectral broad axe!
You kill the titan!
You hit the fire giant zombie with your +9 spectral broad axe.
Your +9 spectral broad axe {Nhalahla} hits the fire giant zombie.
You are engulfed in dark miasma.
You are poisoned.
You feel as though you will be slow longer.
You feel very sick.
A tainted leviathan comes into view. x2
The fire giant zombie hits you but does no damage.
You regained 2 hp, and now have 92/224 hp.
You slice the fire giant zombie with your +9 spectral broad axe!!
You completely miss the fire giant zombie with your +9 broad axe of holy wrath.
Your +9 spectral broad axe {Nhalahla} hits the fire giant zombie! x2
You are engulfed in dark miasma.
You feel very sick.
The tainted leviathan attempts to bespell you!
You are mesmerised by the tainted leviathan!
You take 4 damage, and have 88/224 hp.
You slash the fire giant zombie with your +9 spectral broad axe!
You open the fire giant zombie like a pillowcase with your +9 broad axe of holy wrath!!!
The fire giant zombie convulses!
Your +9 spectral broad axe {Nhalahla} hits the fire giant zombie!
Your +9 spectral broad axe {Nhalahla} hits the fire giant zombie but does no damage.
You are engulfed in dark miasma.
You are more poisoned.
You feel as though you will be slow longer.
You feel extremely sick.
The fire giant zombie hits your +9 spectral broad axe {Nhalahla}.
Your spectral weapon shares its damage with you!
The fire giant zombie hits your +9 spectral broad axe {Nhalahla} but does no damage.
You take 13 damage, and have 75/224 hp.
You slash the fire giant zombie with your +9 spectral broad axe!
You destroy the fire giant zombie!
The Shining One accepts your kill.
You feel better.
Your +9 spectral broad axe {Nhalahla} disappears.
You are engulfed in dark miasma.
You feel extremely sick.
You take 2 damage, and have 73/226 hp.
You are momentarily dazzled by a brilliant light.
You are engulfed in dark miasma.
You are more poisoned.
* * * LOW HITPOINT WARNING * * *
You feel extremely sick.
The spectral juggernaut hits you but does no damage.
The spectral juggernaut closely misses you.
The tainted leviathan attempts to bespell you!
You take 16 damage, and have 57/226 hp.
You now have 33/40 mp.
Activating: Cleansing Flame (0% risk of failure)
Press: ? - help, Dir - look around, f - activate The golden flame engulfs you but does no damage.
You resist.
The golden flame engulfs the spectral juggernaut but does no damage.
The golden flame engulfs the stone giant.
The golden flame engulfs the stone giant!!
The golden flame engulfs the fire giant zombie!!!
The fire giant zombie writhes in agony!
The golden flame engulfs your daeva.
Your daeva completely resists.
You feel extremely sick. The stone giant closely misses you.
The stone giant hits you!
* * * LOW HITPOINT WARNING * * *
A frost giant zombie comes into view. x2; A fire giant zombie comes into view.
Your daeva hits the stone giant with a +4 eudemon blade of holy wrath.
Your daeva hits the stone giant but does no damage.
The stone giant closely misses you. The stone giant misses you.
Unknown command.
You take 15 damage, and have 42/226 hp.
You now have 29/40 mp.
Activating: Cleansing Flame (0% risk of failure)
Press: ? - help, Dir - look around, f - activate The golden flame engulfs you but does no damage.
You resist.
The golden flame engulfs the spectral juggernaut!!!
The spectral juggernaut writhes in agony!
The golden flame engulfs the stone giant!! x2
The golden flame engulfs the fire giant zombie!!!
The fire giant zombie writhes in agony!
The golden flame engulfs your daeva.
Your daeva completely resists.
You feel extremely sick. The spectral juggernaut hits you!!
* * * LOW HITPOINT WARNING * * *
The spectral juggernaut hits you! The Shining One protects you from harm!
Your daeva hits the stone giant with a +4 eudemon blade of holy wrath!!
Your daeva hits the stone giant with a +4 eudemon blade of holy wrath!
The stone giant dies!
The stone giant hits you!!
You die...

#### #≈≈## ≈
###≈≈≈### #°Z
##≈≈.≈≈≈≈#C☼°°
#≈≈.∩.A≈○°°○..
##≈≈...(°C°.Z.
###≈.@ZZ°○.Z.
#≈.†C......
##≈........
##≈≈.....≈
#≈≈....≈≈
##≈..≈≈#≈
#≈≈≈≈# #≈≈##


You could see 2 tainted leviathans, a stone giant, a spectral juggernaut, 2 fire
giant zombies, 2 frost giant zombies and a friendly daeva (summoned).

Vanquished Creatures
  Cerebov (Pan)
  Antaeus (Coc:7)
  the Royal Jelly (Slime:5)
  Gloorx Vloq (Pan)
  Mnoleg (Pan)
  the Serpent of Hell (Coc:7)
  A seraph (Pan)
  A dread lich (Vaults:5)
  An ancient lich (Hell)
  13 pandemonium lords (Pan)
  Mennas (Crypt:1)
  Sojobo (Vaults:4)
  27 shard shrikes
  Margery (Depths:1)
  Geryon (Hell)
  Saint Roka (Depths:2)
  8 caustic shrikes
  4 golden dragons
  A profane servitor (Crypt:3)
  2 pearl dragons (Pan)
  Jory (Depths:4)
  A doom hound (Tar:1)
  2 bone dragons
  19 Tzitzimimeh (Pan)
  A hellephant (Depths:1)
  18 Brimstone Fiends (Pan)
  The ghost of wally255 the Severer, an adept MiFi of Okawaru (Vaults:2)
  Jorgrun (Orc:1)
  11 Hell Sentinels (Pan)
  7 tentacled monstrosities
  24 titans
  A walking crystal tome (Depths:3)
  Mlioglotl (Spider:1)
  4 liches
  A tainted leviathan (Tar:2)
  24 Ice Fiends
  24 acid blobs
  3 deep elf blademasters (Elf:3)
  A walking divine tome (Depths:3)
  5 sphinxes
  2 deep elf master archers (Elf:3)
  31 Executioners (Pan)
  Polyphemus (Shoals:2)
  4 krakens (Shoals:2)
  Gastronok (Lair:2)
  8 tengu reavers
  10 storm dragons
  Donald (Spider:3)
  6 shadow dragons
  Frances (Elf:1)
  Roxanne (Elf:3)
  7 rockslimes
  A nagaraja (Pan)
  3 protean progenitors (Pan)
  Ilsuiw (Shoals:1)
  13 azure jellies
  15 daevas (Pan)
  A revenant (Crypt:2)
  18 demonspawn warmongers (Pan)
  6 fire giants
  16 narguns
  6 emperor scorpions
  30 balrugs
  8 deep elf sorcerers
  The ghost of Eugor the Eclecticist, an adept DECj of Vehumet (Spider:4)
  6 shard shrike simulacra
  A spectral caustic shrike (Tar:1)
  18 vault wardens
  Louise (Spider:1)
  13 iron dragons
  12 frost giants
  2 caustic shrike zombies
  3 ghost moths (Spider:4)
  3 juggernaut zombies
  3 deep elf elementalists
  A draconian scorcher (Depths:4)
  25 angels (Pan)
  6 curse skulls
  37 reapers
  40 cacodemons (Pan)
  4 broodmothers
  6 draconian annihilators
  4 formless jellyfish
  16 demonspawn corrupters (Pan)
  5 caustic shrike skeletons
  13 ironbound preservers
  17 demonspawn blood saints (Pan)
  5 spriggan defenders
  2 orc warlords
  13 ophanim (Pan)
  4 ironbound thunderhulks
  11 quicksilver oozes
  15 very ugly things
  11 ghouls
  23 elemental wellsprings
  4 juggernaut skeletons (Pan)
  A green draconian (Depths:4)
  2 vampire knights
  19 stone giants
  24 apis (Pan)
  A black draconian (Depths:4)
  4 deep elf demonologists
  13 dire elephants
  The ghost of Lemonizer the Fighter, a journeyman CoHu of Okawaru (Lair:3)
  20 lorocyprocas (Pan)
  A purple draconian (Depths:4)
  14 demonspawn black suns (Pan)
  7 spark wasps
  4 war gargoyles
  14 deep elf annihilators
  7 deep elf death magi
  A white draconian (Depths:4)
  2 yellow draconians (Depths:4)
  A red draconian (Depths:4)
  20 wendigos
  12 blizzard demons (Pan)
  A mummy priest (Crypt:3)
  7 ettins
  4 entropy weavers
  12 eidola
  7 merfolk javelineers
  Josephine (D:14)
  24 green deaths (Pan)
  13 fire dragons
  5 spriggan zombies
  2 jiangshi (Crypt:2)
  9 deep elf high priests
  15 merfolk impalers
  Erolcha (Orc:2)
  A crystal guardian (Vaults:4)
  Snorg (Lair:4)
  The ghost of Ejipi the Metamorph, a journeyman DrSh of Hepliaklqana (Lair:2)
  Fannar (Lair:3)
  16 great orbs of eyes
  12 yaktaur captains
  A peacekeeper (Vaults:4)
  A fenstrider witch zombie (Crypt:3)
  4 jorogumos
  11 centaur warriors
  34 vault guards
  10 ice dragons
  6 caustic shrike simulacra
  5 radroaches
  10 spriggan air magi
  10 ironbound frosthearts
  11 rakshasas
  Erica (Orc:1)
  2 hydras
  3 merfolk avatars
  5 juggernaut simulacra
  2 ogre magi (Vaults:5)
  6 merfolk aquamancers
  4 alligator snapping turtles
  3 death knights (Crypt:3)
  2 sphinx zombies (Hell)
  A spriggan skeleton (Crypt:2)
  2 catoblepae
  29 dancing weapons
  7 deep troll shamans
  A sphinx skeleton (Crypt:2)
  4 hell beasts (Pan)
  5 two-headed ogres
  11 boulder beetles
  5 satyrs
  2 vampire magi
  2 thrashing horrors
  15 deep troll earth magi
  2 orc high priests
  4 tengu warriors
  3 titan zombies
  15 death yaks
  28 demonic crawlers
  3 occultists
  5 hell hogs
  The ghost of jamsaran the Toxicologist, a novice DsAl of Nemelex Xobeh (D:10)
  102 sun demons
  16 deep elf knights
  4 spriggan berserkers
  Nergalle (Orc:1)
  7 hellephant skeletons (Pan)
  2 titan skeletons (Crypt:1)
  45 soul eaters
  2 shadow wraiths
  39 sixfirhies (Pan)
  2 storm dragon skeletons
  2 wretched stars (Abyss:1)
  18 hell knights
  2 anaconda zombies
  5 iron trolls
  4 skysharks
  21 skeletal warriors
  A golden dragon zombie (Hell)
  2 spectral ghost moths (Spider:4)
  12 deep elf archers
  5 pharaoh ants
  5 arcanists
  A spark wasp zombie (Hell)
  A deep troll (shapeshifter) (D:15)
  12 sea snakes
  2 skysharks (shapeshifter) (Vaults:5)
  14 cherubim (Pan)
  6 flayed ghosts
  12 lindwurms
  8 orb spiders
  A shadow dragon zombie (Hell)
  2 quicksilver dragon simulacra
  2 tengu zombies
  8 glowing orange brains
  61 deep trolls
  An obsidian statue (Elf:1)
  11 ironbound convokers
  34 shadow demons (Pan)
  6 bog bodies
  9 harpies
  2 steelbarb worms (shapeshifter)
  An obsidian bat (Orc:1)
  2 thermic dynamos (Elf:2)
  A spectral jorogumo (Spider:4)
  10 sun moths
  7 necromancers
  26 wolf spiders
  8 steelbarb worms
  2 anaconda skeletons (Hell)
  25 phantasmal warriors
  8 orc knights
  An iron dragon zombie (Hell)
  19 deep elf pyromancers
  17 deep elf zephyrmancers
  3 orc sorcerers
  11 fauns
  3 manticores
  3 shining eyes (Slime:4)
  2 fire giant zombies
  4 moths of wrath
  A cyclops (shapeshifter) (Depths:3)
  47 ugly things
  9 merfolk sirens
  A shadow dragon skeleton (Crypt:2)
  4 cyclopes
  A manticore (shapeshifter) (Vaults:4)
  50 large abominations (Pan)
  Maurice (D:12)
  2 stone giant zombies (Hell)
  An elephant (D:9)
  8 water nymphs
  3 eyes of devastation
  11 rust devils
  2 black mambas
  3 centaur zombies
  5 kobold blastminers
  A stone giant skeleton (Crypt:2)
  2 dire elephant zombies
  4 titan simulacra
  4 ice statues
  52 smoke demons
  15 vault sentinels
  A water nymph (shapeshifter) (Vaults:3)
  34 orange demons (Pan)
  An alligator snapping turtle zombie (Crypt:2)
  2 gargoyles
  10 cane toads
  3 molten gargoyles (Hell)
  5 rime drakes
  7 torpor snails
  A storm dragon simulacrum (Coc:1)
  A cane toad (shapeshifter) (Elf:2)
  8 komodo dragons
  An emperor scorpion simulacrum (Spider:4)
  3 unseen horrors
  36 yaktaurs
  4 kobold demonologists
  30 tormentors
  4 efreet (Pan)
  8 freezing wraiths
  19 hellions
  2 ghost moth simulacra (Spider:4)
  A catoblepas zombie (Crypt:2)
  4 anaconda simulacra
  A golden dragon simulacrum (Coc:1)
  2 iron giant simulacra (Coc:7)
  9 ice devils
  5 red devils (Pan)
  4 tengu conjurers
  3 hydra zombies
  A troll (shapeshifter) (D:14)
  A merfolk (shapeshifter) (Vaults:4)
  23 hellwings (Pan)
  8 polar bears
  2 sea snake skeletons (Hell)
  3 harpy zombies
  42 tarantellas
  A hornet (shapeshifter) (D:14)
  12 wind drakes
  36 jumping spiders
  42 merfolk
  A broodmother simulacrum (Spider:4)
  8 trolls
  Prince Ribbit (D:8)
  9 dream sheep
  3 wolf spider simulacra
  12 hornets
  An iron dragon simulacrum (Coc:2)
  An ice dragon zombie (Crypt:3)
  A jumping spider (shapeshifter) (Depths:4)
  2 glass eyes
  14 blink frogs
  13 snapping turtles
  2 stone giant simulacra
  2 ettin zombies
  2 centaur simulacra (D:13)
  A fire giant simulacrum (Depths:1)
  91 slime creatures
  A vampire (D:10)
  Sigmund (D:5)
  17 culicivoras
  2 air elementals (Elf:1)
  2 shadows
  An orc simulacrum (Coc:1)
  13 wraiths
  11 water elementals
  2 ushabtiu (Crypt:3)
  A human (shapeshifter) (D:14)
  6 dire elephant simulacra
  78 yaks
  37 ynoxinuls (Pan)
  2 spriggans (Depths:3)
  2 naga simulacra
  A warg (Orc:1)
  An alligator snapping turtle simulacrum (Coc:1)
  8 wyverns
  23 neqoxecs (Pan)
  A fire elemental (Elf:1)
  7 golden eyes
  6 basilisks
  4 starcursed masses
  Menkaure (D:5)
  48 chaos spawn (Pan)
  A wind drake skeleton (Crypt:2)
  2 steam dragons (Lair:5)
  4 vampire mosquitoes (D:14)
  60 redbacks
  2 death yak simulacra (IceCv)
  A sea snake simulacrum (Hell)
  9 harpy simulacra
  2 naga zombies (Crypt:3)
  2 acid dragons
  A two-headed ogre zombie (Crypt:2)
  A faun skeleton (Crypt:1)
  A glowing shapeshifter skeleton (Crypt:1)
  2 hydra simulacra
  17 water moccasins
  A fire bat skeleton (Crypt:2)
  3 ice beasts
  A water nymph skeleton (Crypt:2)
  A black bear (D:5)
  52 orc warriors
  2 black bears (shapeshifter)
  17 laughing skulls
  A merfolk simulacrum (Coc:1)
  2 sky beasts
  7 spriggan simulacra
  6 ettin simulacra
  8 ogres
  2 radroach simulacra (Spider:4)
  A lindwurm zombie (Crypt:2)
  9 wolves
  30 centaurs
  A phantom (D:7)
  A draconian zombie (Crypt:1)
  Blork the orc (D:4)
  16 bullfrogs
  5 kobold brigands
  A brain worm (Pan)
  A gnoll sergeant (D:9)
  4 scorpions
  2 small abominations (Abyss:1)
  3 earth elementals
  A water moccasin skeleton (Crypt:1)
  21 wights
  8 wyvern skeletons (Crypt:3)
  6 killer bees (D:10)
  3 electric eels
  7 howler monkeys
  2 bombardier beetles
  A crimson imp (Pan)
  2 jellies
  3 gnoll boudas
  A basilisk zombie (Crypt:1)
  4 hounds
  3 iguanas
  16 orc priests
  Crazy Yiuf (D:3)
  A sleepcap (D:7)
  21 orc wizards
  A scorpion zombie (D:3)
  5 hell rats (Lair:5)
  2 wolf simulacra (IceCv)
  A hound skeleton (D:3)
  A mummy (Crypt:3)
  8 adders
  35 gnolls
  10 white imps
  6 ufetubi
  An adder skeleton (D:3)
  2 adder zombies (D:3)
  A lava snake skeleton (Crypt:1)
  2 dart slugs
  86 orcs
  4 endoplasms
  A giant cockroach (D:1)
  13 hobgoblins
  3 jackals (D:5)
  9 kobolds
  A quokka (D:1)
  3 ball pythons
  A ball python skeleton (D:3)
  A ball python zombie (D:3)
  3 bats
  A bombardier beetle zombie (Crypt:1)
  A frilled lizard (D:1)
  13 goblins
  A goblin skeleton (Crypt:1)
  A goblin zombie (Crypt:1)
  A jackal zombie (D:3)
  A quokka skeleton (D:3)
  3 rats
  An aspiring flesh (Pan)
  13 tentacles (Shoals:2)
3622 creatures vanquished.

Vanquished Creatures (collateral kills)
  Frederick (Vaults:3)
  A pandemonium lord (Pan)
  2 shard shrikes (Coc:7)
  A Tzitzimitl (Pan)
  2 Executioners (Pan)
  6 acid blobs (Slime:5)
  3 rockslimes (Slime:5)
  3 narguns (Coc:7)
  A frost giant (Coc:3)
  A balrug (Pan)
  A quicksilver ooze (Slime:5)
  A demonspawn corrupter (Pan)
  3 reapers (Pan)
  A shard shrike simulacrum (Coc:7)
  A stone giant (Tar:2)
  A deep elf demonologist (Elf:3)
  2 wendigos (Coc:7)
  A green death (Pan)
  A great orb of eyes (Slime:4)
  A juggernaut simulacrum (Coc:7)
  2 sun demons (Pan)
  A soul eater (Pan)
  A large abomination (Pan)
  A smoke demon (Pan)
  2 hellions
  An orange demon (Pan)
  An efreet (Pan)
  A water elemental (Elf:3)
  A slime creature (Slime:4)
  2 chaos spawn (Pan)
  An earth elemental (Elf:3)
  A fire vortex (Pan)
49 creatures vanquished.

Vanquished Creatures (others)
  A fire giant (Vaults:5)
  A frost giant (Depths:2)
  2 narguns
  2 shard shrike simulacra
  A hell beast (Pan)
  2 juggernaut simulacra (Coc:3)
  2 sixfirhies (Pan)
  A deep elf archer (Elf:1)
  A shadow demon (Pan)
  A glowing orange brain (Pan)
  2 spriggan simulacra
  A deep elf zephyrmancer (Elf:1)
  A smoke demon (Pan)
  3 titan simulacra
  A yaktaur (Vaults:2)
  A rime drake (Lair:5)
  An anaconda simulacrum (Coc:3)
  2 iron giant simulacra (Coc:7)
  A polar bear (Lair:5)
  A centaur simulacrum (Coc:1)
  A dire elephant simulacrum (Coc:5)
  2 naga simulacra
  A harpy simulacrum (Coc:3)
  A fire dragon simulacrum (Coc:1)
  An ettin simulacrum (Coc:7)
  An orc warrior (Elf:3)
  An orc (D:13)
  3 ball lightnings (Pan)
  A butterfly (Lair:3)
  A fire vortex (Pan)
  141 spectral weapons
  2 starspawn tentacles (Pan)
  19 tentacles (Shoals:2)
203 creatures vanquished.

Grand Total: 3874 creatures vanquished

Notes
Turn   | Place    | Note
-------+----------+-------------------------------------------
     0 | D:1      | HilariousDeathArtist the Coglin Fighter began the quest for
                  | the Orb.
     0 | D:1      | Reached XP level 1. HP: 18/18 MP: 1/1
   252 | D:1      | Reached XP level 2. HP: 19/24 MP: 2/2
   793 | D:2      | Found a faded altar of an unknown god.
   813 | D:2      | Prayed at the altar of an unknown god.
   813 | D:2      | Became a worshipper of Qazlal Stormbringer
   813 | D:2      | Reached * piety under Qazlal
   892 | D:2      | Reached skill level 4 in Fighting
   892 | D:2      | Reached XP level 3. HP: 21/30 MP: 3/3
  1256 | D:3      | Found an opulent altar of Gozag.
  1358 | D:3      | Reached skill level 5 in Fighting
  1358 | D:3      | Reached XP level 4. HP: 37/39 MP: 4/4
  1681 | D:3      | Reached XP level 5. HP: 43/44 MP: 5/5
  1718 | D:3      | Reached ** piety under Qazlal
  2104 | D:3      | Found a runed translucent door.
  2105 | D:3      | Noticed Crazy Yiuf
  2111 | D:3      | Killed Crazy Yiuf
  2112 | D:3      | Reached skill level 3 in Axes
  2168 | D:4      | Found an ornate altar of the Wu Jian Council.
  2443 | D:4      | Reached XP level 6. HP: 32/52 MP: 6/6
  2449 | D:4      | Reached skill level 6 in Fighting
  2450 | D:4      | HP: 10/52 [gnoll/+0 halberd[a gnoll bouda] (6)]
  3122 | D:4      | Reached skill level 4 in Axes
  3181 | D:4      | Noticed Blork the orc
  3192 | D:4      | Killed Blork the orc
  3193 | D:4      | Reached XP level 7. HP: 28/59 MP: 7/7
  3525 | D:5      | Entered Level 5 of the Dungeon
  3604 | D:5      | Reached skill level 7 in Fighting
  3604 | D:5      | Reached skill level 5 in Axes
  3684 | D:5      | Found a staircase to the Ecumenical Temple.
  3703 | D:5      | Reached XP level 8. HP: 67/67 MP: 8/8
  3753 | D:5      | Noticed Menkaure
  3760 | D:5      | Killed Menkaure
  3761 | D:5      | Reached skill level 6 in Axes
  3909 | D:5      | Reached *** piety under Qazlal
  3912 | D:5      | Reached skill level 8 in Fighting
  4186 | D:5      | Noticed Sigmund
  4195 | D:5      | Killed Sigmund
  4321 | D:5      | Found a shadowy altar of Dithmenos.
  4360 | D:5      | Reached skill level 7 in Axes
  4712 | D:6      | Identified the +0 robe of Pocaoph {Dex+5}
  4811 | D:6      | Reached skill level 9 in Fighting
  4811 | D:6      | Reached XP level 9. HP: 62/76 MP: 9/9
  4908 | D:6      | Found a blossoming altar of Fedhas.
  5242 | D:7      | Reached skill level 8 in Axes
  5267 | D:7      | Found a flagged portal.
  5282 | Bailey   | Entered a bailey
  5472 | Bailey   | Reached skill level 10 in Fighting
  5510 | Bailey   | Reached skill level 9 in Axes
  5582 | Bailey   | Noticed an orc knight
  5621 | Bailey   | Killed an orc knight
  5622 | Bailey   | Reached XP level 10. HP: 50/86 MP: 10/10
  5793 | Bailey   | Noticed an orc warlord
  5806 | Bailey   | Killed an orc warlord
  5807 | Bailey   | Reached skill level 11 in Fighting
  5807 | Bailey   | Reached skill level 10 in Axes
  6703 | D:8      | Noticed Prince Ribbit
  6706 | D:8      | Reached **** piety under Qazlal
  6716 | D:8      | Killed Prince Ribbit
  6767 | D:8      | Reached skill level 11 in Axes
  6769 | D:8      | Reached skill level 12 in Fighting
  6859 | D:8      | Found a snail-covered altar of Cheibriados.
  7023 | D:8      | You fall into a shaft and drop 2 floors!
  7023 | D:10     | Entered Level 10 of the Dungeon
  7246 | D:10     | Reached XP level 11. HP: 74/95 MP: 11/11
  7256 | D:10     | Found a radiant altar of Vehumet.
  7708 | D:9      | Found a staircase to the Lair.
  7712 | D:9      | Reached skill level 12 in Axes
  7983 | D:9      | Reached ***** piety under Qazlal
  8000 | D:9      | Found Waosor's Distillery.
  8131 | D:8      | Reached skill level 13 in Fighting
  8519 | D:9      | Bought a potion of curing for 42 gold pieces
  8519 | D:9      | Bought a potion of heal wounds for 70 gold pieces
  8519 | D:9      | Bought a potion of resistance for 140 gold pieces
  8519 | D:9      | Bought a potion of lignification for 42 gold pieces
  8519 | D:9      | Bought a potion of heal wounds for 70 gold pieces
  8519 | D:9      | Bought 2 potions of heal wounds for 140 gold pieces
  8876 | D:10     | Noticed a vault guard
  9025 | Lair:1   | Entered Level 1 of the Lair of Beasts
  9026 | Lair:1   | Identified a scroll of acquirement
  9026 | Lair:1   | Acquired the +10 crystal plate armour of the Original Sin
                  | {rPois Regen+ SInv}
  9099 | Lair:1   | Noticed a boulder beetle
  9113 | Lair:1   | Killed a boulder beetle
  9114 | Lair:1   | Reached skill level 3 in Armour
  9277 | Lair:1   | Reached skill level 1 in Evocations
  9319 | Lair:1   | Identified the +7 rapier of Punishment {freeze, Will++
                  | Int+2 Stlth-}
  9371 | Lair:1   | Reached skill level 1 in Dodging
  9493 | Lair:1   | Reached skill level 4 in Armour
  9497 | Lair:1   | Reached skill level 1 in Invocations
  9557 | Lair:1   | Reached skill level 2 in Evocations
  9560 | Lair:1   | Reached XP level 12. HP: 104/105 MP: 12/12
 10017 | Lair:2   | Noticed a skyshark
 10031 | Lair:2   | Killed a skyshark
 10032 | Lair:2   | Reached skill level 2 in Dodging
 10098 | Lair:2   | Reached skill level 3 in Evocations
 10167 | Lair:2   | Noticed Gastronok
 10176 | Lair:2   | Killed Gastronok
 10177 | Lair:2   | Reached skill level 13 in Axes
 10177 | Lair:2   | Reached skill level 5 in Armour
 10177 | Lair:2   | Reached skill level 2 in Invocations
 10243 | Lair:2   | Found a staircase to the Shoals.
 10665 | Lair:2   | Found a runed translucent door.
 10666 | Lair:2   | Noticed Ejipi's ghost (journeyman DrSh)
 10850 | Lair:3   | Found a hole to the Spider Nest.
 10863 | Lair:3   | Reached skill level 14 in Fighting
 10868 | Lair:3   | Reached skill level 4 in Evocations
 10894 | Lair:3   | Noticed a boulder beetle
 10900 | Lair:3   | Reached skill level 3 in Dodging
 10928 | Lair:3   | Killed a boulder beetle
 10940 | Lair:3   | Found a runed translucent door.
 11113 | Lair:3   | Reached skill level 6 in Armour
 11297 | Lair:3   | Noticed Fannar
 11308 | Lair:3   | Killed Fannar
 11309 | Lair:3   | Reached skill level 3 in Invocations
 11309 | Lair:3   | Reached XP level 13. HP: 83/113 MP: 15/15
 11585 | Lair:3   | Noticed Lemonizer's ghost (journeyman CoHu)
 11679 | Lair:4   | Reached skill level 5 in Evocations
 11743 | Lair:4   | Noticed Snorg
 11755 | Lair:4   | Killed Snorg
 11773 | Lair:4   | Reached skill level 4 in Dodging
 11866 | Lair:4   | Reached skill level 7 in Armour
 11869 | Lair:4   | Reached ****** piety under Qazlal
 11870 | Lair:4   | Reached skill level 14 in Axes
 11874 | Lair:4   | Reached skill level 6 in Evocations
 11917 | Lair:4   | Identified the +2 robe of Jiges {-Tele Int-2 Dex+8
                  | Archmagi}
 12196 | Lair:5   | Entered Level 5 of the Lair of Beasts
 12230 | Lair:5   | Reached skill level 4 in Invocations
 12237 | Lair:5   | Reached skill level 15 in Fighting
 12249 | Lair:5   | Reached skill level 5 in Dodging
 12249 | Lair:5   | Reached XP level 14. HP: 74/123 MP: 17/17
 12268 | Lair:4   | Acquired an ultratransmogrifier WL-00 {rC+ Regen+ RegenMP+
                  | Slay+3}
 12345 | Lair:5   | Reached skill level 7 in Evocations
 12369 | Lair:5   | Reached skill level 8 in Armour
 12442 | Lair:5   | Got an earthy gem with 414 turns to spare
 13228 | Lair:5   | Found a viscous altar of Jiyva.
 13228 | Lair:5   | Found a staircase to the Slime Pits.
 13468 | D:10     | Found a transporter.
 13476 | D:10     | Noticed jamsaran's ghost (novice DsAl)
 13611 | D:10     | Found a transporter.
 13828 | D:10     | Found a stormy altar of Qazlal.
 13915 | D:10     | Found a sparkling altar of Nemelex Xobeh.
 13931 | D:10     | Found a burning altar of Makhleb.
 13962 | D:10     | Found a portal to a secret trove of treasure.
 14196 | Trove    | Entered a treasure trove
 14224 | Trove    | Found the +3 pair of mountain boots {steadfast, rC+}
 14230 | Trove    | Identified the +0 leather armour of Glamorous Amelioration
                  | {Slay+2}
 14298 | Trove    | Identified the ring "Caleyh" {Str+5 SInv}
 14390 | D:11     | Reached skill level 15 in Axes
 14677 | D:11     | Reached skill level 8 in Evocations
 15153 | D:12     | Reached skill level 5 in Invocations
 15311 | D:12     | Reached skill level 9 in Armour
 15311 | D:12     | Noticed Maurice
 15316 | D:12     | Maurice stole the +7 rapier of Punishment {freeze, Will++
                  | Int+2 Stlth-}
 15318 | D:12     | Killed Maurice
 15341 | D:12     | Reached skill level 6 in Dodging
 15715 | D:12     | HP: 25/124 [enormous slime creature (29)]
 15797 | D:12     | Found a staircase to the Orcish Mines.
 16091 | Orc:1    | Entered Level 1 of the Orcish Mines
 16213 | Orc:2    | Entered Level 2 of the Orcish Mines
 16213 | Orc:2    | Noticed Erolcha
 16220 | Orc:2    | Killed Erolcha
 16221 | Orc:2    | Reached XP level 15. HP: 114/130 MP: 18/18
 16343 | Orc:1    | Noticed Jorgrun
 16352 | Orc:1    | Killed Jorgrun
 16370 | Orc:1    | Noticed Nergalle
 16379 | Orc:1    | Killed Nergalle
 16466 | Orc:1    | Noticed Erica
 16476 | Orc:1    | Killed Erica
 16477 | Orc:1    | Reached skill level 16 in Fighting
 17007 | Orc:2    | Found Xaelif's Antique Weapon Emporium.
 17007 | Orc:2    | Found Poab's Book Shop.
 17048 | Orc:2    | Found Lubriyry's Armour Boutique.
 17263 | Orc:2    | Found a staircase to the Elven Halls.
 17268 | Orc:2    | Found a burning altar of Makhleb.
 17360 | Orc:2    | Found Fujesac's Jewellery Shoppe.
 18125 | D:13     | Reached skill level 9 in Evocations
 18161 | D:13     | Found a frozen archway.
 18185 | IceCv    | Entered an ice cave
 18196 | IceCv    | Found a transporter.
 18210 | IceCv    | Found a transporter.
 18238 | IceCv    | Got the Omnibus of the Iceberg
 18504 | D:13     | Reached skill level 10 in Armour
 19097 | D:14     | Noticed Josephine
 19115 | D:14     | Killed Josephine
 19122 | D:14     | Reached skill level 7 in Dodging
 19122 | D:14     | Reached skill level 6 in Invocations
 19227 | D:14     | Found a gate to the Vaults.
 19283 | D:14     | Found Kiro's Book Emporium.
 19337 | D:14     | Reached skill level 16 in Axes
 19360 | D:14     | Reached XP level 16. HP: 137/139 MP: 20/20
 19600 | D:14     | Found Dynuotyr's Book Emporium.
 19727 | D:15     | Entered Level 15 of the Dungeon
 19768 | D:15     | Reached skill level 10 in Evocations
 20415 | D:15     | Reached skill level 17 in Fighting
 20435 | D:15     | Reached skill level 11 in Armour
 20559 | D:15     | Found a staircase to the Depths.
 21116 | Spider:1 | Entered Level 1 of the Spider Nest
 21319 | Spider:1 | Noticed Louise
 21321 | Spider:1 | Noticed Mlioglotl
 21331 | Spider:1 | Killed Louise
 21344 | Spider:1 | Killed Mlioglotl
 21345 | Spider:1 | Reached skill level 8 in Dodging
 21345 | Spider:1 | Reached skill level 7 in Invocations
 21444 | Spider:1 | Reached skill level 11 in Evocations
 21702 | Spider:1 | Identified the +7 great mace of Makhleb {freeze, Dex+3}
 21983 | Spider:2 | Reached XP level 17. HP: 141/147 MP: 22/22
 22001 | Spider:2 | Identified the +0 robe of Dogma {-Tele Rampage rC++ SInv}
 22341 | Spider:2 | Reached skill level 12 in Armour
 22855 | Spider:3 | Reached skill level 18 in Fighting
 22899 | Spider:3 | Noticed Donald
 22909 | Spider:3 | Killed Donald
 22949 | Spider:3 | Found a hide-covered altar of Uskayaw.
 24002 | Spider:4 | Entered Level 4 of the Spider Nest
 24009 | Spider:4 | Reached skill level 12 in Evocations
 24099 | Spider:4 | HP: 32/150 [emperor scorpion (14)]
 24103 | Spider:4 | HP: 15/150 [emperor scorpion (13)]
 24114 | Spider:4 | Reached skill level 9 in Dodging
 24206 | Spider:4 | Reached skill level 8 in Invocations
 24564 | Spider:4 | Found a runed translucent gate.
 24564 | Spider:4 | Found a runed translucent gate.
 24566 | Spider:4 | Found a runed translucent gate.
 24572 | Spider:4 | Noticed Eugor's ghost (adept DECj)
 24782 | Spider:4 | Reached skill level 13 in Armour
 24792 | Spider:4 | Reached XP level 18. HP: 158/158 MP: 24/24
 25115 | Spider:4 | Got a gossamer rune of Zot
 25431 | Spider:4 | Killed Eugor's ghost
 25488 | Spider:4 | Identified the +4 ring mail of the Meadowlark {rElec Dex+2}
 25659 | Shoals:1 | Entered Level 1 of the Shoals
 25713 | Shoals:1 | Found Arphi's Overcharged Wands.
 25730 | Shoals:1 | Reached skill level 13 in Evocations
 25860 | Shoals:1 | HP: 35/159 [merfolk siren/+0 spear (10)]
 26107 | Shoals:1 | Reached skill level 19 in Fighting
 26539 | Shoals:2 | Noticed Ilsuiw
 26594 | Shoals:1 | Killed Ilsuiw
 26679 | Shoals:2 | Noticed Polyphemus
 26698 | Shoals:2 | Killed Polyphemus
 27262 | Shoals:3 | Reached skill level 10 in Dodging
 27288 | Shoals:3 | Reached skill level 9 in Invocations
 27295 | Shoals:3 | Reached skill level 14 in Armour
 27424 | Shoals:2 | Identified the +9 war axe "Uxyxig" {freeze, Will+ Int+3}
 27672 | Shoals:3 | Reached XP level 19. HP: 160/167 MP: 25/25
 27672 | Shoals:3 | Reached XP level 20. HP: 166/174 MP: 26/26
 28215 | Shoals:2 | Reached skill level 14 in Evocations
 28289 | Shoals:2 | Identified the staff "Ziomatur" {rElec rPois rF- Str+3
                  | Alchemy}
 28418 | Shoals:4 | Entered Level 4 of the Shoals
 28744 | Shoals:4 | Identified the +0 chain mail of Uskayaw's Reproof {rF+
                  | rCorr}
 28779 | Shoals:4 | Found Ostrupedo's Jewellery Emporium.
 28836 | Shoals:4 | Reached skill level 20 in Fighting
 29076 | Shoals:4 | Identified the +9 dagger "Tattletale" {freeze, rN+}
 29165 | Shoals:4 | Identified the +7 long sword of Anguish {flame, rElec Str+2
                  | Int+3}
 29307 | Shoals:4 | Got a barnacled rune of Zot
 29831 | Vaults:1 | Entered Level 1 of the Vaults
 29893 | Vaults:1 | Reached skill level 15 in Armour
 30179 | Vaults:1 | Reached skill level 11 in Dodging
 30289 | Vaults:1 | Reached skill level 10 in Invocations
 30511 | Vaults:1 | Found Uwkial's Antique Armour Boutique.
 30519 | Vaults:1 | Bought a runed helmet for 232 gold pieces
 30799 | Vaults:2 | Reached skill level 15 in Evocations
 30927 | Vaults:2 | Reached XP level 21. HP: 170/184 MP: 28/28
 31276 | Vaults:2 | Found Ynin's Book Shop.
 31771 | Vaults:2 | Found a runed translucent door.
 31792 | Vaults:2 | Noticed wally255's ghost (adept MiFi)
 32111 | Vaults:2 | Killed wally255's ghost
 32547 | Vaults:3 | Reached skill level 16 in Armour
 32714 | Vaults:3 | Identified the orb of Filigreed Life {*channel, rN+ Summ
                  | Necro}
 32714 | Vaults:3 | Noticed Frederick
 32723 | Vaults:3 | Reached skill level 21 in Fighting
 32724 | Vaults:3 | HP: 14/186 [Frederick/iron shot (109)]
 32739 | Vaults:3 | Killed Frederick
 32967 | Vaults:3 | Found a staircase to the Crypt.
 32967 | Vaults:3 | Found an ancient bone altar of Kikubaaqudgha.
 32967 | Vaults:3 | Found a basalt altar of Yredelemnul.
 32973 | Vaults:3 | Identified the +2 scale mail of Prudence {Dex+6 Slay+2}
 33506 | Vaults:4 | Reached skill level 16 in Evocations
 33549 | Vaults:4 | Reached skill level 12 in Dodging
 33712 | Vaults:4 | Noticed Sojobo
 33737 | Vaults:4 | Killed Sojobo
 33738 | Vaults:4 | Reached XP level 22. HP: 194/194 MP: 30/30
 33763 | Vaults:4 | Reached skill level 11 in Invocations
 34662 | Depths:1 | Entered Level 1 of the Depths
 34744 | Depths:1 | Found a hazy altar of Hepliaklqana.
 34855 | Depths:1 | Reached skill level 17 in Armour
 34908 | Depths:1 | Found a shimmering blue altar of Sif Muna.
 35017 | Depths:1 | Noticed Margery
 35030 | Depths:1 | Killed Margery
 35035 | Depths:1 | Killed the ghostly Margery
 35037 | Depths:1 | HP: 46/196 [hell knight/bolt of fire[Margery] (22)]
 35450 | Depths:1 | Found a gateway to Hell.
 35956 | Elf:1    | Entered Level 1 of the Elven Halls
 36203 | Elf:1    | Paralysed by an air elemental for 1 turns
 36208 | Elf:1    | Reached skill level 22 in Fighting
 36302 | Elf:1    | Found an ancient bone altar of Kikubaaqudgha.
 36304 | Elf:1    | HP: 13/196 [deep elf zephyrmancer/bolt of lightning (44)]
 36400 | Elf:1    | Noticed Frances
 36409 | Elf:1    | Reached skill level 17 in Evocations
 36417 | Elf:1    | Killed Frances
 36586 | Elf:1    | Found an ancient bone altar of Kikubaaqudgha.
 36706 | Elf:1    | Acquired a manual of Armour
 36981 | Elf:2    | Reached XP level 23. HP: 203/203 MP: 31/31
 37014 | Elf:2    | Identified the +0 helmet "Elusiog" {Harm rC++}
 37036 | Elf:2    | Found a runed translucent gate.
 37037 | Elf:2    | Found a runed translucent gate.
 37042 | Elf:2    | Found a runed translucent gate.
 37370 | Elf:2    | Reached skill level 18 in Armour
 37389 | Elf:2    | Reached skill level 13 in Dodging
 37629 | Elf:3    | Entered Level 3 of the Elven Halls
 37653 | Elf:3    | Noticed Roxanne
 37666 | Elf:3    | Killed Roxanne
 37821 | Elf:3    | Identified the +0 robe "Muateiss" {rPois Int+3}
 38006 | Elf:3    | Identified the +0 leather armour of the Scribe {rN+ Stlth+}
 38024 | Elf:3    | Reached skill level 12 in Invocations
 38425 | Elf:3    | Identified the ring "Vagalaim" {Ice Fly}
 38492 | Elf:3    | Got Practical Recondite Knowledge
 38517 | Elf:3    | Identified the +0 pair of boots "Goepoaho" {Dex+5}
 39050 | Depths:2 | Upgraded the game from 0.32-a0-996-gb3226c233f to
                  | 0.32-a0-999-gfa1cc04b1d
 39192 | Depths:2 | Found a one-way gate leading to the halls of Pandemonium.
 39314 | Depths:2 | Noticed Saint Roka
 39347 | Depths:2 | Killed Saint Roka
 39633 | Depths:2 | Reached skill level 19 in Armour
 39773 | Depths:2 | Reached skill level 18 in Evocations
 39790 | Depths:2 | Noticed a golden dragon
 39796 | Depths:2 | Killed a golden dragon
 39800 | Depths:2 | Reached XP level 24. HP: 129/213 MP: 21/32
 40398 | Depths:3 | Found a basalt altar of Yredelemnul.
 40429 | Depths:3 | Reached skill level 23 in Fighting
 40465 | Depths:3 | Reached skill level 17 in Axes
 40542 | Depths:3 | Identified the +0 leather armour of Autotheism {Regen+
                  | Str+3}
 40956 | Depths:3 | Found a one-way gate to the infinite horrors of the Abyss.
 41247 | Depths:4 | Entered Level 4 of the Depths
 41251 | Depths:4 | Reached skill level 14 in Dodging
 41257 | Depths:4 | Acquired 745 gold pieces
 41258 | Depths:4 | Acquired a +6 heavy broad axe
 41265 | Depths:4 | Noticed a caustic shrike
 41266 | Depths:4 | Noticed a caustic shrike
 41267 | Depths:4 | Noticed a caustic shrike
 41268 | Depths:4 | Noticed a caustic shrike
 41275 | Depths:3 | Killed a caustic shrike
 41359 | Depths:3 | Killed a caustic shrike
 41416 | Depths:4 | Noticed a caustic shrike
 41416 | Depths:4 | Noticed a caustic shrike
 41416 | Depths:4 | Noticed a caustic shrike
 41416 | Depths:4 | Noticed a caustic shrike
 41422 | Depths:4 | Killed a caustic shrike
 41422 | Depths:4 | Killed a caustic shrike
 41423 | Depths:4 | Killed a caustic shrike
 41423 | Depths:4 | Killed a caustic shrike
 41625 | Depths:4 | Reached skill level 19 in Evocations
 41627 | Depths:4 | Reached skill level 20 in Armour
 41629 | Depths:4 | HP: 49/214 [white draconian/+0 battleaxe (7)]
 41634 | Depths:4 | HP: 49/214 [poisoned by a yellow draconian annihilator
                  | (poison arrow)]
 41803 | Depths:4 | Noticed Jory
 41812 | Depths:4 | Killed Jory
 41815 | Depths:4 | Killed a caustic shrike
 41841 | Depths:4 | Killed a caustic shrike
 41879 | Depths:4 | Reached skill level 13 in Invocations
 42030 | Depths:4 | Reached XP level 25. HP: 221/221 MP: 32/32
 42377 | Depths:4 | Found a one-way gateway to a ziggurat.
 42468 | Depths:4 | Found a gate to the Realm of Zot.
 42902 | D:10     | Killed jamsaran's ghost
 43020 | Lair:2   | Killed Ejipi's ghost
 43076 | Lair:3   | Killed Lemonizer's ghost
 43086 | Lair:3   | Got Evauv's Tractate on Marshalled Glaciation
 43089 | Lair:3   | Learned a level 1 spell: Apportation
 43092 | Lair:3   | Learned a level 2 spell: Blink
 43148 | Shoals:1 | Bought a wand of paralysis (18) for 648 gold pieces
 43148 | Shoals:1 | Bought a wand of iceblast (18) for 648 gold pieces
 43148 | Shoals:1 | Bought a wand of iceblast (18) for 648 gold pieces
 43148 | Shoals:1 | Bought a wand of paralysis (18) for 648 gold pieces
 43261 | D:9      | Bought a potion of curing for 42 gold pieces
 43261 | D:9      | Bought 2 potions of magic for 224 gold pieces
 43261 | D:9      | Bought 2 potions of brilliance for 112 gold pieces
 43471 | Vaults:5 | Entered Level 5 of the Vaults
 43473 | Vaults:5 | Reached skill level 18 in Axes
 43490 | Vaults:5 | Noticed a dread lich
 43626 | Vaults:5 | Killed a dread lich
 43993 | Vaults:5 | Reached skill level 20 in Evocations
 44000 | Vaults:5 | Got a silver rune of Zot
 44100 | Vaults:5 | Identified the amulet of Goukhlelu {+Inv Regen+ Dex+2}
 44195 | Vaults:5 | Identified the +0 mace "Goblin's Foe" {freeze, Str+5}
 44274 | Vaults:5 | Found the +4 Cigotuvi's embrace {Corpsefed rMiasma ^Drain
                  | rN+}
 44284 | Vaults:5 | Reached skill level 15 in Dodging
 44525 | Vaults:5 | Identified the +0 ring mail "Petime" {Will+++ Str-4 Dex-5
                  | Slay+5}
 44810 | Vaults:5 | Identified the +2 pair of gloves "Akhlek" {Rampage rF-
                  | Regen+ Dex+3}
 45130 | Crypt:1  | Entered Level 1 of the Crypt
 45454 | Temple   | Entered the Ecumenical Temple
 45471 | Temple   | Fell from the grace of Qazlal
 45471 | Temple   | Became a worshipper of the Shining One
 45814 | Crypt:1  | Reached * piety under the Shining One
 45942 | Crypt:1  | Reached ** piety under the Shining One
 46307 | Crypt:1  | Noticed Mennas
 46330 | Crypt:1  | Killed Mennas
 46567 | Crypt:2  | Reached *** piety under the Shining One
 46604 | Crypt:2  | Reached XP level 26. HP: 214/231 MP: 33/33
 46699 | Crypt:2  | Reached skill level 14 in Invocations
 46799 | Crypt:2  | Reached **** piety under the Shining One
 46809 | Crypt:2  | Noticed a shard shrike
 46809 | Crypt:2  | Noticed a shard shrike
 46811 | Crypt:2  | Killed a shard shrike
 46812 | Crypt:2  | Killed a shard shrike
 46831 | Crypt:2  | Reached skill level 24 in Fighting
 47039 | Crypt:2  | Reached ***** piety under the Shining One
 47201 | Crypt:3  | Entered Level 3 of the Crypt
 47557 | Crypt:3  | Reached skill level 21 in Armour
 47588 | Crypt:3  | Reached ****** piety under the Shining One
 47598 | Crypt:3  | Identified a +9 broad axe of holy wrath (a +7 heavy broad
                  | axe blessed by the Shining One)
 47598 | Crypt:3  | Received a gift from the Shining One
 47703 | Crypt:3  | Reached skill level 21 in Evocations
 47750 | Crypt:3  | Found a staircase to the Tomb.
 47906 | Crypt:3  | Reached skill level 1 in Stealth
 47995 | Crypt:3  | Reached skill level 1 in Spellcasting
 48019 | Crypt:3  | Got the Spellbook of Arrival and Cold
 48032 | Crypt:3  | Got the Papyrus of the Welkin
 48171 | Crypt:3  | Found a basalt altar of Yredelemnul.
 48245 | Crypt:3  | Reached skill level 2 in Stealth
 48560 | Crypt:3  | Noticed a shard shrike
 48568 | Crypt:3  | Killed a shard shrike
 48701 | Crypt:3  | Was forgiven by Qazlal
 48958 | Crypt:3  | Reached skill level 2 in Spellcasting
 48969 | Crypt:3  | Identified the +9 quarterstaff "Wiemon" {drain, Int+3
                  | Dex+5}
 49351 | Hell     | Entered the Vestibule of Hell
 49351 | Hell     | Noticed Geryon
 49375 | Hell     | Killed Geryon
 49457 | Hell     | Found a gateway to the Iron City of Dis.
 49508 | Hell     | Found a gateway to the ashen valley of Gehenna.
 49575 | Hell     | Reached skill level 3 in Stealth
 49579 | Hell     | Noticed an ancient lich
 49593 | Hell     | Killed an ancient lich
 49594 | Hell     | Reached skill level 16 in Dodging
 49603 | Hell     | Reached skill level 3 in Spellcasting
 49614 | Hell     | Found a gateway to the decaying netherworld of Tartarus.
 49701 | Hell     | Found a gateway to the freezing wastes of Cocytus.
 49914 | Pan      | Entered Pandemonium
 49948 | Pan      | Noticed Niusm the pandemonium lord
 49957 | Pan      | Reached XP level 27. HP: 221/240 MP: 34/34
 49982 | Pan      | Gained mutation: You occasionally lose the ability to read
                  | scrolls when taking damage. [a cacodemon]
 50066 | Pan      | Got a demonic rune of Zot
 50091 | Pan      | Killed Niusm the pandemonium lord
 50092 | Pan      | Reached skill level 4 in Stealth
 50714 | Pan      | Reached skill level 4 in Spellcasting
 50718 | Pan      | Noticed Omnit the pandemonium lord
 50729 | Pan      | Killed Omnit the pandemonium lord
 51052 | Pan      | Found an exit through the horrors of the Abyss.
 51582 | Pan      | Noticed Inofig the pandemonium lord
 51592 | Pan      | Killed Inofig the pandemonium lord
 51593 | Pan      | Reached skill level 5 in Stealth
 51593 | Pan      | Reached skill level 15 in Invocations
 51685 | Pan      | Reached skill level 22 in Evocations
 52095 | Pan      | Gained mutation: You are vulnerable to cold. (rC-) [a
                  | cacodemon]
 52367 | Pan      | Noticed Ucvup the pandemonium lord
 52384 | Pan      | Reached skill level 5 in Spellcasting
 52385 | Pan      | Killed Ucvup the pandemonium lord
 52880 | Pan      | Identified the +8 dire flail "Huhezal" {freeze, *Corrode
                  | rC- Str+8}
 52993 | Pan      | Found an exit through the horrors of the Abyss.
 53090 | Pan      | Found an exit through the horrors of the Abyss.
 53122 | Pan      | Reached skill level 1 in Translocations
 53285 | Pan      | Found a transporter.
 53301 | Pan      | Found a transporter.
 53473 | Pan      | Reached skill level 6 in Stealth
 53634 | Pan      | Found an exit through the horrors of the Abyss.
 53721 | Pan      | Reached skill level 2 in Translocations
 53738 | Pan      | Found a transporter.
 54100 | Pan      | Found a transporter.
 54324 | Pan      | Identified the +1 chain mail of Uskayaw's Fury {Harm +Blink
                  | rPois rC-}
 54324 | Pan      | Identified the ring of Majiynwa {Will+ rCorr Dex+6}
 54372 | Pan      | Identified the +6 flail of Disharmony {drain, rPois rF+++
                  | Str-3 Dex+6}
 54416 | Pan      | Gained mutation: You are dopey. (Int -2) [a neqoxec]
 54423 | Pan      | Gained mutation: You are frail. (-10% HP) [a neqoxec]
 54465 | Pan      | Reached skill level 25 in Fighting
 54491 | Pan      | Reached skill level 3 in Translocations
 54623 | Pan      | Reached skill level 6 in Spellcasting
 54753 | Pan      | Gained mutation: You are very vulnerable to cold. (rC--) [a
                  | cacodemon]
 54897 | Pan      | Lost mutation: You are very vulnerable to cold. (rC--)
                  | [potion of mutation]
 54897 | Pan      | Lost mutation: You are frail. (-10% HP) [potion of
                  | mutation]
 54897 | Pan      | Gained mutation: You are vulnerable to heat. (rF-) [potion
                  | of mutation]
 54910 | Pan      | Found an exit through the horrors of the Abyss.
 54945 | Pan      | Lost mutation: You are vulnerable to heat. (rF-) [potion of
                  | mutation]
 54945 | Pan      | Lost mutation: You occasionally lose the ability to read
                  | scrolls when taking damage. [potion of mutation]
 54945 | Pan      | Gained mutation: A frigid envelope surrounds you and
                  | freezes all who hurt you. [potion of mutation]
 54945 | Pan      | Gained mutation: You possess an exceptional clarity of
                  | mind. [potion of mutation]
 55081 | Pan      | HP: 26/242 [Hell Sentinel/iron shot (59)]
 55220 | Pan      | Reached skill level 17 in Dodging
 55220 | Pan      | Reached skill level 7 in Stealth
 55220 | Pan      | Noticed Gaciykho the pandemonium lord
 55228 | Pan      | Killed Gaciykho the pandemonium lord
 55230 | Pan      | Reached skill level 22 in Armour
 55234 | Pan      | Reached skill level 4 in Translocations
 55400 | Pan      | Gained mutation: Your body sometimes deteriorates upon
                  | taking damage. [a cacodemon]
 55767 | Pan      | Found a sparkling altar of Nemelex Xobeh.
 56144 | Pan      | Noticed Qagima the pandemonium lord
 56151 | Pan      | Killed Qagima the pandemonium lord
 56156 | Pan      | HP: 55/242 [flayed ghost/flay_damage[a demonspawn
                  | corrupter] (17)]
 56157 | Pan      | HP: 17/242 [ironbound thunderhulk/bolt of lightning[a
                  | demonspawn corrupter] (21)]
 56235 | Pan      | Identified the +3 flail "Deetonor" {flame, rC+}
 56412 | Pan      | Reached skill level 5 in Translocations
 56454 | Pan      | Reached skill level 23 in Evocations
 56461 | Pan      | HP: 55/242 [balrug/+2 demon whip of venom (15)]
 56462 | Pan      | HP: 24/242 [balrug/divine providence (16)]
 56464 | Pan      | Noticed Tyuvytsa the pandemonium lord
 56471 | Pan      | HP: 52/242 [demonspawn blood saint/+0 dagger (11)]
 56472 | Pan      | Killed Tyuvytsa the pandemonium lord
 56481 | Pan      | HP: 46/242 [burnt (19)]
 56483 | Pan      | Gained mutation: Your spells are a little easier to cast,
                  | but a little less powerful. [a cacodemon]
 56487 | Pan      | Reached skill level 7 in Spellcasting
 56956 | Pan      | Acquired 833 gold pieces
 57189 | Pan      | Reached skill level 8 in Stealth
 57438 | Pan      | Noticed Xaovvis the pandemonium lord
 57532 | Pan      | Killed Xaovvis the pandemonium lord
 57982 | Pan      | Reached skill level 6 in Translocations
 58077 | Pan      | Noticed Jufaops the pandemonium lord
 58085 | Pan      | Killed Jufaops the pandemonium lord
 58091 | Pan      | HP: 56/242 [Ice Fiend (40)]
 58095 | Pan      | HP: 18/242 [Hell Sentinel/damnation (31)]
 58240 | Pan      | Reached skill level 16 in Invocations
 58892 | Pan      | Noticed Jutaw the pandemonium lord
 58901 | Pan      | Killed Jutaw the pandemonium lord
 59065 | Pan      | Found an exit through the horrors of the Abyss.
 59487 | Pan      | Entered the realm of Cerebov.
 59599 | Pan      | Reached skill level 7 in Translocations
 59676 | Pan      | Reached skill level 9 in Stealth
 59686 | Pan      | Reached skill level 8 in Spellcasting
 59749 | Pan      | Identified the +10 battleaxe of Salt {pain, Stlth+}
 59839 | Pan      | Got the Catalogue of the Voyage
 59894 | Pan      | Identified the +3 leather armour of Temperance {Dex+5}
 59897 | Pan      | Identified the staff of Lietseod {rC+ Int+4 Ice}
 60535 | Pan      | Found the +6 sword of Cerebov {flame}
 60535 | Pan      | Noticed Cerebov
 60559 | Pan      | Killed Cerebov
 60621 | Pan      | Got a fiery rune of Zot
 60622 | Pan      | Identified the +1 dagger of Halybeziri {venom, rF+}
 60624 | Pan      | Identified the +3 mace "Veifoa Vuall" {pain, rF+ rCorr
                  | Dex+2}
 60641 | Pan      | Identified the +9 short sword of Koec Zuff {holy, rC+}
 60792 | Pan      | Noticed Firak the pandemonium lord
 60826 | Pan      | HP: 59/244 [??? (30)]
 60831 | Pan      | HP: 10/244 [Firak the pandemonium lord (24)]
 60832 | Pan      | Killed Firak the pandemonium lord
 60880 | Pan      | Reached skill level 18 in Dodging
 61325 | Pan      | Gained mutation: You are weak. (Str -2) [a cacodemon]
 61332 | Pan      | Reached skill level 8 in Translocations
 61540 | Pan      | Reached skill level 24 in Evocations
 61933 | Pan      | Learned a level 4 spell: Passage of Golubria
 62060 | Pan      | Identified the +1 glaive of Laceration {freeze, rPois rF+
                  | rCorr Dex-2}
 62141 | Pan      | Found a white marble altar of Elyvilon.
 62208 | Pan      | Noticed a pearl dragon
 62216 | Pan      | Killed a pearl dragon
 62637 | Pan      | Noticed a pearl dragon
 62643 | Pan      | Killed a pearl dragon
 62773 | Pan      | Reached skill level 10 in Stealth
 62864 | Pan      | HP: 58/244 [daeva/+4 long sword of holy wrath (16)]
 62871 | Pan      | Reached skill level 26 in Fighting
 62990 | Pan      | Found a glowing silver altar of Zin.
 63100 | Pan      | Identified the +3 tower shield of Sunlight {rF+ Will+}
 63108 | Pan      | Reached skill level 9 in Spellcasting
 63242 | Pan      | Identified the +0 war axe "Feptuis" {holy, ^Contam rC++
                  | Int+5}
 63310 | Pan      | Noticed a seraph
 63322 | Pan      | Killed a seraph
 63342 | Pan      | Found a glowing golden altar of the Shining One.
 63390 | Pan      | Identified the ring of the Ego {Fly rElec rC+ Dex+2}
 63392 | Pan      | Identified the +5 glaive of Doubt {flame, rF++ rC+ Dex+3}
 63720 | Pan      | Reached skill level 9 in Translocations
 63956 | Pan      | Reached skill level 23 in Armour
 64088 | Pan      | Found a runed translucent door.
 64525 | Pan      | Noticed Purenog the pandemonium lord
 64541 | Pan      | Killed Purenog the pandemonium lord
 64700 | Pan      | Identified the +2 robe of Solemn New Discoveries {rCorr
                  | MP+9}
 64824 | Pan      | Entered the realm of Gloorx Vloq.
 65090 | Pan      | Noticed Gloorx Vloq
 65094 | Pan      | Reached skill level 11 in Stealth
 65099 | Pan      | Killed Gloorx Vloq
 65100 | Pan      | Reached skill level 17 in Invocations
 65114 | Pan      | Got a dark rune of Zot
 65145 | Pan      | Reached skill level 10 in Translocations
 65248 | Pan      | Reached skill level 10 in Spellcasting
 65276 | Pan      | Found an exit through the horrors of the Abyss.
 65315 | Pan      | Identified the +6 mace of the Everdark {pain, rPois Will+
                  | SInv}
 65742 | Pan      | Took an exit into the Abyss.
 65742 | Abyss:1  | Escaped into the Abyss
 65890 | Abyss:1  | Reached skill level 25 in Evocations
 65950 | Abyss:1  | Found a corrupted altar of Lugonu.
 65983 | Abyss:1  | Found a corrupted altar of Lugonu.
 66113 | Depths:2 | Escaped the Abyss
 66125 | Pan      | Entered the realm of Mnoleg.
 66125 | Pan      | Entered Pandemonium
 66140 | Pan      | Learned a level 7 spell: Manifold Assault
 66155 | Pan      | Lost mutation: You possess an exceptional clarity of mind.
                  | [a cacodemon]
 66207 | Pan      | HP: 48/246 [??? (24)]
 66291 | Pan      | Reached skill level 19 in Dodging
 66297 | Pan      | Gained mutation: Armour fits poorly on your strangely
                  | shaped body. [a cacodemon]
 66588 | Pan      | Identified the +0 robe "Cacot" {rElec}
 66681 | Pan      | Gained mutation: You are frail. (-10% HP) [a cacodemon]
 66682 | Pan      | Noticed Mnoleg
 66696 | Pan      | Killed Mnoleg
 66709 | Pan      | Got a glowing rune of Zot
 66764 | Pan      | Lost mutation: You are weak. (Str -2) [potion of mutation]
 66764 | Pan      | Lost mutation: A frigid envelope surrounds you and freezes
                  | all who hurt you. [potion of mutation]
 66764 | Pan      | Gained mutation: You do not regenerate when monsters are
                  | visible. [potion of mutation]
 66764 | Pan      | Gained mutation: You are partially covered in large bone
                  | plates. (SH +4) [potion of mutation]
 66764 | Pan      | Gained mutation: You are partially covered in iridescent
                  | scales. (AC +2) [potion of mutation]
 66765 | Pan      | Lost mutation: You are vulnerable to cold. (rC-) [potion of
                  | mutation]
 66765 | Pan      | Lost mutation: You are partially covered in large bone
                  | plates. (SH +4) [potion of mutation]
 66765 | Pan      | Gained mutation: You occasionally shout uncontrollably at
                  | your foes. [potion of mutation]
 66765 | Pan      | Gained mutation: You are very dopey. (Int -4) [potion of
                  | mutation]
 66766 | Pan      | Lost mutation: You are partially covered in iridescent
                  | scales. (AC +2) [potion of mutation]
 66766 | Pan      | Lost mutation: You are very dopey. (Int -4) [potion of
                  | mutation]
 66766 | Pan      | Lost mutation: You occasionally shout uncontrollably at
                  | your foes. [potion of mutation]
 66766 | Pan      | Gained mutation: You are clumsy. (Dex -2) [potion of
                  | mutation]
 66766 | Pan      | Gained mutation: You have a pair of small antennae on your
                  | head. [potion of mutation]
 66767 | Pan      | Lost mutation: Your body sometimes deteriorates upon taking
                  | damage. [potion of mutation]
 66767 | Pan      | Lost mutation: You are clumsy. (Dex -2) [potion of
                  | mutation]
 66767 | Pan      | Lost mutation: You do not regenerate when monsters are
                  | visible. [potion of mutation]
 66767 | Pan      | Gained mutation: Your body sometimes deteriorates upon
                  | taking damage. [potion of mutation]
 66767 | Pan      | Gained mutation: You are partially covered in iridescent
                  | scales. (AC +2) [potion of mutation]
 66768 | Pan      | Lost mutation: You have a pair of small antennae on your
                  | head. [potion of mutation]
 66768 | Pan      | Lost mutation: Your body sometimes deteriorates upon taking
                  | damage. [potion of mutation]
 66769 | Pan      | Lost mutation: Armour fits poorly on your strangely shaped
                  | body. [potion of mutation]
 66769 | Pan      | Lost mutation: Your spells are a little easier to cast, but
                  | a little less powerful. [potion of mutation]
 66769 | Pan      | Lost mutation: You are frail. (-10% HP) [potion of
                  | mutation]
 66769 | Pan      | Gained mutation: You have a pair of small antennae on your
                  | head. [potion of mutation]
 66769 | Pan      | Gained mutation: Your spells are a little harder to cast,
                  | but a little more powerful. [potion of mutation]
 67085 | Pan      | Noticed Ruqimyt the pandemonium lord
 67097 | Pan      | Killed Ruqimyt the pandemonium lord
 67179 | Pan      | Lost mutation: Your spells are a little harder to cast, but
                  | a little more powerful. [a cacodemon]
 67216 | Pan      | Found an exit through the horrors of the Abyss.
 67217 | Pan      | Gained mutation: You sometimes lose your temper in combat.
                  | [a cacodemon]
 67218 | Pan      | Gained mutation: Armour fits poorly on your strangely
                  | shaped body. [a cacodemon]
 67262 | Pan      | Entered the realm of Lom Lobon.
 67268 | Pan      | Noticed Lom Lobon
 67282 | Pan      | Reached skill level 11 in Translocations
 67453 | Pan      | Reached skill level 12 in Stealth
 67465 | Pan      | Got a magical rune of Zot
 67682 | Pan      | HP: 51/247 [??? (25)]
 67858 | Pan      | Reached skill level 11 in Spellcasting
 68573 | Pan      | Identified the +7 chain mail of Agnosticism {Regen+ Stlth+}
 68835 | Pan      | Noticed Ughic the pandemonium lord
 68859 | Pan      | Killed Ughic the pandemonium lord
 68878 | Depths:2 | Escaped Pandemonium
 69238 | Slime:1  | Entered Level 1 of the Pits of Slime
 69423 | Slime:5  | Entered Level 5 of the Pits of Slime
 69846 | Slime:5  | Noticed the Royal Jelly
 69855 | Slime:4  | Reached skill level 27 in Fighting
 70009 | Slime:4  | HP: 58/249 [rockslime (43)]
 70011 | Slime:3  | HP: 1/249 [acid blob/splash of acid (32)]
 70011 | Slime:3  | The Shining One protects you from harm!
 70013 | Slime:3  | The Shining One protects you from harm!
 70160 | Slime:3  | Reached skill level 26 in Evocations
 70193 | Slime:3  | Reached skill level 12 in Translocations
 70544 | Slime:5  | Found a viscous altar of Jiyva.
 70664 | Slime:5  | Killed the Royal Jelly
 70665 | Slime:5  | Reached skill level 24 in Armour
 70675 | Slime:5  | HP: 85/373 [acid blob/splash of acid (21)]
 70677 | Slime:5  | HP: 40/373 [acid blob/splash of acid[the Royal Jelly] (19)]
 70680 | Slime:5  | HP: 13/373 [acid blob[the Royal Jelly] (18)]
 71087 | Slime:5  | Identified the staff "Hell-Harrower" {rElec rF- rCorr Str+3
                  | Necro Air}
 71100 | Slime:5  | Got a slimy rune of Zot
 71101 | Slime:5  | Identified the +7 halberd of Asejaj {venom, rElec rCorr
                  | Str+4 Stlth-}
 71112 | Slime:5  | Identified the amulet "Etuqos" {Spirit rF+ Will+}
 71160 | Slime:5  | Identified the +5 chain mail of Dim Light {rPois rF- Int+3}
 71184 | Slime:5  | Learned a level 6 spell: Dispersal
 71620 | Coc:1    | Entered Level 1 of Cocytus
 71626 | Coc:1    | Reached skill level 13 in Stealth
 71790 | Coc:2    | Reached skill level 1 in Conjurations
 71829 | Coc:2    | Reached skill level 18 in Invocations
 71915 | Coc:3    | Reached skill level 2 in Conjurations
 71922 | Coc:3    | Paralysed by a wendigo for 1 turns
 71924 | Coc:3    | HP: 60/249 [wendigo/stunning burst (8)]
 71925 | Coc:3    | Paralysed by a wendigo for 1 turns
 71935 | Coc:3    | HP: 32/249 [elemental wellspring/torrent of water (45)]
 72338 | Coc:4    | Reached skill level 3 in Conjurations
 72372 | Coc:4    | Paralysed by a wendigo for 1 turns
 72383 | Coc:4    | Reached skill level 12 in Spellcasting
 72467 | Coc:5    | HP: 52/215 [elemental wellspring/torrent of water (20)]
 72472 | Coc:5    | HP: 30/225 [Ice Fiend/bolt of cold (21)]
 72473 | Coc:5    | HP: 2/225 [wendigo (14)]
 72537 | Coc:5    | Reached skill level 3 in Shields
 72614 | Coc:5    | Paralysed by a wendigo for 1 turns
 72619 | Coc:5    | Paralysed by a wendigo for 1 turns
 72688 | Coc:5    | Paralysed by a wendigo for 1 turns
 72703 | Coc:5    | HP: 51/245 [titan/the air (34)]
 72833 | Coc:5    | Reached skill level 20 in Dodging
 72990 | Coc:7    | Entered Level 7 of Cocytus
 72996 | Coc:7    | Reached skill level 4 in Conjurations
 73001 | Coc:7    | Reached skill level 13 in Translocations
 73078 | Coc:7    | Paralysed by a wendigo for 1 turns
 73186 | Coc:7    | Paralysed by a wendigo for 1 turns
 73198 | Coc:7    | Paralysed by a wendigo for 1 turns
 73493 | Coc:7    | Paralysed by a wendigo for 1 turns
 73530 | Coc:7    | Reached skill level 5 in Conjurations
 73687 | Coc:7    | Paralysed by a wendigo for 1 turns
 73812 | Coc:7    | Paralysed by a wendigo for 1 turns
 73814 | Coc:7    | Noticed the Serpent of Hell
 74082 | Coc:7    | HP: 49/249 [shard shrike (17)]
 74082 | Coc:7    | HP: 17/249 [storm dragon[the Serpent of Hell] (10)]
 74139 | Coc:7    | Reached skill level 4 in Shields
 74168 | Coc:7    | Killed the Serpent of Hell
 74169 | Coc:7    | Reached skill level 6 in Conjurations
 74234 | Coc:7    | Paralysed by a wendigo for 1 turns
 74272 | Coc:7    | Paralysed by a wendigo for 1 turns
 74276 | Coc:7    | Paralysed by a wendigo for 1 turns
 74290 | Coc:7    | Paralysed by a wendigo for 1 turns
 74368 | Coc:7    | Paralysed by a wendigo for 1 turns
 74458 | Coc:7    | Paralysed by a wendigo for 1 turns
 74465 | Coc:7    | Paralysed by a wendigo for 1 turns
 74470 | Coc:7    | Reached skill level 13 in Spellcasting
 74473 | Coc:7    | Reached skill level 14 in Translocations
 74700 | Coc:7    | Noticed Antaeus
 74770 | Coc:7    | Killed Antaeus
 74941 | Coc:7    | Got an icy rune of Zot
 75163 | Hell     | Learned a level 6 spell: Gell's Gavotte
 75187 | Tar:1    | Entered Level 1 of Tartarus
 75245 | Tar:2    | Reached skill level 7 in Conjurations
 75253 | Tar:2    | HP: 49/226 [poison (dark miasma)]
 75254 | Tar:2    | HP: 4/226 [spectral juggernaut (34)]
 75254 | Tar:2    | The Shining One protects you from harm!
 75254 | Tar:2    | Demolished by a stone giant

Illustrated notes

Levels and vault maps discovered:
D:1:      dpeg_arrival_windows_large_door, layout_loops_ring
D:2:      layout_rooms, hellmonk_ecumenical_altar_crossroads
D:3:      layout_loops_ring, mainiacjoe_overflow_six_doors_small, serial_undead,
          serial_undead_c, serial_undead_e, serial_undead_c, serial_undead_d,
          serial_undead_f, serial_undead_e, serial_undead_c,
          minmay_misc_feat_more_columns, nicolae_titane, uniq_crazy_yiuf_cottage
D:4:      layout_loops_corners, mainiacjoe_overflow_catwalk,
          nicolae_hexahallways, grunt_ministairs_5, uniq_blork_the_orc
D:5:      layout_basic, general_overflow_altar, minmay_temple_entry_sparse_star,
          uniq_sigmund, uniq_menkaure
D:6:      layout_rooms, fedhas_altar_2
D:7:      layout_cave_pools, enter_bailey_4, wad_floor_pattern_untrapped
D:8:      layout_basic, cheibriados_altar_1, uniq_prince_ribbit1
D:9:      nicolae_moon_pools, layout_basic, grunt_lair_entry_orc_guard_hut,
          serial_shops, shop, nrook_pool_corridor
D:10:     kennysheep_ambush_hall, layout_long_grid, grunt_qazlal_clouds,
          bloody_makhleb, mainiacjoe_overflow_cross_hatched,
          nemelex_spade_bored_becter, enter_trove_5, gammafunk_ghost_arena
D:11:     layout_grid_maze
D:12:     layout_basic, hiddenorc1_lemuel, uniq_maurice
D:13:     layout_long_grid, serial_ice, serial_ice_l, serial_ice_d,
          serial_ice_m, serial_ice_a, serial_ice_c, serial_ice_b, serial_ice_o,
          serial_ice_g, serial_ice_h, serial_ice_f, portal_ice_cave_rime,
          nicolae_elevator_lobby_plus
D:14:     layout_roguey, hangedman_vaults_entry_quadrant_bands, minivault_27,
          serial_shops, shop, nicolae_shop_waterfront, kennysheep_kite_vault,
          uniq_josephine
D:15:     kennysheep_seaside_town, layout_loops_corners,
          minmay_stone_trees_medium, minmay_misc_feat_square
Temple:   nicolae_temple_ecumenical_triangle
Lair:1:   layout_hall_layers, st_stairs_6, beast_lair_carwin_3
Lair:2:   layout_chaotic_city, shoals_dummy_entry, gammafunk_ghost_grave,
          grunt_megastairs_1, lemuel_fruit_tree, uniq_gastronok
Lair:3:   layout_gridlike, spider_nest_entry_a, ebering_ghost_reflecting_pool,
          grunt_megastairs_4, lemuel_fruit_fields, uniq_fannar
Lair:4:   layout_long_grid, uniq_snorg
Lair:5:   gammafunk_lair_ancient_temple, layout_small_grid,
          dpeg_slime_entry_corner
Shoals:1: layout_shoals, nicolae_shop_overcharged_wands
Shoals:2: nicolae_shoals_lighthouse, layout_shoals, nicolae_shoals_secluded_bog,
          nicolae_shoals_former_cling_halls, uniq_polyphemus, uniq_ilsuiw
Shoals:3: layout_shoals, nicolae_shoals_flooded_hall
Shoals:4: shoals_end_grunt_ice, layout_shoals, serial_shops, shop,
          nicolae_shoals_goliath_grotto
Spider:1: layout_cave_pods, drop_trap, dreamdust_wasp_nest, uniq_louise,
          uniq_mlioglotl
Spider:2: layout_spider_delve, drop_trap
Spider:3: layout_chambers, nicolae_spider_altar_of_dancing, uniq_donald
Spider:4: spider_rune_water, gammafunk_ghost_necromancy
Slime:1:  layout_caves
Slime:2:  cheibrodos_slime_lost_civilization_10, layout_caves
Slime:3:  layout_caves, basic_altar
Slime:4:  layout_caves, special_room [special_room_jelly]
Slime:5:  slime_pit_nicolae_royal_road_to_ruin
Orc:1:    layout_caves, nicolae_orc_stalacmites, blackcustard_rock_pile,
          uniq_jorgrun, uniq_nergalle, uniq_erica
Orc:2:    st_orc_rangers, layout_diamond_mine, basic_altar, uniq_erolcha
Elf:1:    layout_geoelf_octagon, basic_altar, guppyfry_elf_altar,
          minmay_misc_feat_pillars, uniq_frances
Elf:2:    nicolae_elf_blades_splatter_lattice
          [nicolae_blade_entry_sentries_behind_glass], layout_loops_cross
Elf:3:    minmay_elf_hall_furrowed, layout_geoelf_octagon, uniq_roxanne
Vaults:1: nicolae_vaults_trapezoid_lopsided_2, v_pattern_5,
          ontoclasm_vaults_loading_screen, v_misc_30,
          serial_library_hellmonk_semicircle, hangedman_vaults_snaps,
          nicolae_vaults_tetromino_Z_1, vaults_room_pool,
          layout_vaults_big_room, serial_shops, nicolae_shop_crystal
Vaults:2: hellmonk_ghost_big_iron, nicolae_vaults_trapezoid_lopsided_4,
          nicolae_vaults_more_shelving_1, nicolae_vaults_ring_of_whatevers,
          nicolae_vaults_trapezoid_lopsided_4,
          vaults_room_grunt_arrival_checkpoint, grunt_vaults_twisty,
          vaults_mumra_hexcomb, layout_vaults_quadrants, serial_shops,
          nicolae_shop_tiny_statue_garden
Vaults:3: hangedman_vaults_river_flow, nicolae_vaults_sesquioval_fish,
          st_spiral_rooms, minmay_crypt_entry_necro_gods,
          nicolae_vaults_cochlea, nicolae_vaults_little_squares_2, v_misc_13,
          vaults_mumra_chevron_long, v_pattern_2, v_misc_26,
          grunt_vaults_diagonal, vaults_room_semicircle,
          ontoclasm_vaults_gateway, nicolae_vaults_tetromino_L_1,
          layout_vaults_big_cross, uniq_frederick
Vaults:4: v_misc_17, hangedman_vaults_slice, v_rooms_3, v_rooms_4,
          nicolae_vaults_trapezoid_lopsided_4, nicolae_vaults_tetromino_L_1,
          vaults_mumra_minichess, hangedman_vaults_maws,
          vaults_room_glass_cross, nicolae_vaults_what_the_h,
          ontoclasm_vaults_tryst, grunt_vaults_hallway_short, v_misc_8,
          nicolae_vaults_little_squares_4, layout_vaults_maze_bifur, uniq_sojobo
Vaults:5
Crypt:1:  layout_misc_corridors, uniq_mennas
Crypt:2:  layout_chaotic_city, nicolae_danse_macabre
Crypt:3:  evilmike_haunted_forest, uniq_xtahua
Depths:1: layout_gridville, grunt_metal_band, nzn_hepliaklqana_mist_gate,
          tgw_sif
Depths:2: grunt_deathspiral_small, layout_basic, grunt_hell_entry_dis_mu,
          grunt_pan_entry_spiral, infiniplex_staircase_split_hallway,
          uniq_saint_roka
Depths:3: hangedman_cross_cluster, layout_cave_pools, abyss_entry,
          pf_hell_entry_tar_spiral, serial_glass, glass_columns_b,
          glass_columns_c, minmay_strange_pillars, minmay_strange_pillars,
          minmay_strange_pillars, feat_on_display
Depths:4: grunt_zot_entry_gee_three, layout_honeycomb, enter_ziggurat_b,
          hell_entry, uniq_jory
Hell
Coc:1:    layout_ice_bergs
Coc:2:    layout_cocytus_water_paths
Coc:3:    layout_cocytus_water_paths
Coc:4:    layout_cocytus_delve
Coc:5:    layout_ice_bergs, nicolae_hells_hurtin_island
Coc:6:    layout_ice_bergs, serial_ice, serial_ice_h, serial_ice_b,
          serial_ice_g, serial_ice_e
Coc:7:    coc_grunt_cove [coc_grunt_cove_antaeus, coc_grunt_cove_fiend,
          coc_grunt_cove_fiend, coc_grunt_cove_fiend, coc_grunt_cove_fiend]
Tar:1:    layout_cathedral_of_symmetry, nicolae_tar_combstack
Tar:2:    nicolae_hells_titanomachy

Skill      XL: |  1  2  3  4  5  6  7  8  9 10 11 12 13 14 15 16 17 18 19 20 21 22 23 24 25 26 27 |
---------------+----------------------------------------------------------------------------------+-----
Fighting       | 4 5 6 7 9 10 12 13 14 15 16 17 18 19 20 21 22 23 24 27 | 27.0
Axes           | 3 4 5 7 9 11 12 13 14 15 16 17 18 | 18.8
Armour         | 4 6 7 9 10 11 13 14 15 16 17 19 20 21 24 | 24.4
Evocations     | 2 4 6 8 9 11 12 13 15 16 17 18 19 20 21 26 | 26.8
Dodging        | 1 3 5 6 7 8 9 10 11 12 13 14 15 16 20 | 20.3
Invocations    | 1 3 4 5 6 7 8 9 10 11 12 13 14 18 | 18.4
Stealth        | 3 13 | 13.9
Spellcasting   | 3 13 | 13.2
Translocations | 14 | 14.3
Conjurations   | 7 |  7.0
Shields        | 4 |  4.6

Action                     |  1- 3 |  4- 6 |  7- 9 | 10-12 | 13-15 | 16-18 | 19-21 | 22-24 | 25-27 || total
---------------------------+-------+-------+-------+-------+-------+-------+-------+-------+-------++-------
  Melee: War axe           |    57 |    70 |   137 |       |       |    23 |   512 |   785 |   427 ||  2011
         Hand axe          |    19 |    77 |   153 |   375 |   706 |   908 |       |       |       ||  2238
         Broad axe         |       |       |     4 |   369 |   705 |   236 |       |   333 |  5509 ||  7156
         Demon trident     |       |       |       |       |       |  1003 |   936 |   729 |       ||  2668
         Unarmed           |       |       |       |       |       |       |       |       |     3 ||     3
  Throw: Stone             |    18 |       |       |       |       |       |       |       |       ||    18
         Javelin           |       |     5 |       |       |       |       |       |       |       ||     5
   Cast: Blink             |       |       |       |       |       |       |       |       |    12 ||    12
 Invoke: Upheaval          |       |     1 |       |       |       |    18 |       |     7 |       ||    26
         Disaster Area     |       |       |       |       |       |       |     2 |     2 |     1 ||     5
         Brand Weapon With |       |       |       |       |       |       |       |       |     1 ||     1
         Cleansing Flame   |       |       |       |       |       |       |       |       |    26 ||    26
         Summon Divine War |       |       |       |       |       |       |       |       |    15 ||    15
         Divine Shield     |       |       |       |       |       |       |       |       |     4 ||     4
Ability: Invent Gizmo      |       |       |       |       |     1 |       |       |       |       ||     1
  Evoke: Phial of floods   |       |       |       |       |       |       |     1 |     2 |     3 ||     6
         Box of beasts     |       |       |       |       |       |       |     1 |     1 |     7 ||     9
         Wand              |       |       |       |       |       |       |       |     3 |    22 ||    25
         Tin of tremorston |       |       |       |       |       |       |       |     3 |     4 ||     7
         Phantom mirror    |       |       |       |       |       |       |       |       |     6 ||     6
    Use: Scroll            |       |       |     9 |    10 |     8 |     4 |     2 |    19 |    22 ||    74
         Potion            |       |       |       |       |       |     5 |     3 |     1 |    25 ||    34
   Stab: Petrifying        |       |       |       |       |     6 |       |       |       |       ||     6
         Petrified         |       |       |       |       |     3 |     5 |       |       |       ||     8
         Distracted        |       |       |       |       |       |       |       |    13 |     6 ||    19
 Armour: Plate armour      |    55 |    73 |   138 |   151 |       |       |       |       |       ||   417
         Crystal plate arm |       |       |       |   193 |   866 |  1276 |   657 |   705 |  2982 ||  6679
         Skin              |       |       |       |       |       |       |       |       |    13 ||    13
  Dodge: Dodged            |    10 |    18 |    20 |    35 |   190 |   331 |   225 |   257 |  1426 ||  2512
         Repelled          |       |       |       |       |    30 |    43 |    55 |   124 |    17 ||   269
  Block: Buckler           |    11 |       |       |       |       |       |       |       |       ||    11
         Other             |     1 |     8 |    22 |    80 |   148 |   330 |   223 |   214 |    62 ||  1088

Table legend: (Time is in decaauts)
 A = Elapsed time spent in this place.
 B = Non-inter-level travel time spent in this place.
 C = Inter-level travel time spent in this place.
 D = Time resting spent in this place.
 E = Time spent auto-exploring this place.
 F = Levels seen in this place.
 G = Mean time per level.
                   A        B        C        D        E       F      G
               +--------+--------+--------+--------+--------+-----+--------+
         Total |  74005 |  67196 |   6809 |    730 |  50478 |  89 |  831.5 |
       Dungeon |  15476 |  12701 |   2775 |      0 |  10790 |  15 | 1031.7 |
        Temple |     34 |     17 |     17 |      0 |      0 |   1 |   34.0 |
          Lair |   4850 |   4270 |    580 |      0 |   3502 |   5 |  970.0 |
        Shoals |   4256 |   3791 |    465 |      0 |   2775 |   4 | 1064.0 |
   Spider Nest |   4347 |   4140 |    207 |      0 |   3258 |   4 | 1086.8 |
    Slime Pits |   2023 |   1810 |    213 |    444 |    786 |   5 |  404.6 |
  Orcish Mines |   1846 |   1464 |    382 |      0 |   1199 |   2 |  923.0 |
   Elven Halls |   2703 |   2585 |    118 |      0 |   1840 |   3 |  901.0 |
        Vaults |   6712 |   5619 |   1093 |      0 |   4401 |   5 | 1342.4 |
         Crypt |   3131 |   2957 |    174 |      0 |   2213 |   3 | 1043.7 |
        Depths |   4928 |   4357 |    571 |     30 |   3427 |   4 | 1232.0 |
          Hell |    568 |    489 |     79 |      0 |    330 |   1 |  568.0 |
       Cocytus |   3559 |   3444 |    115 |    114 |   2117 |   7 |  508.4 |
      Tartarus |     72 |     58 |     14 |      0 |     25 |   2 |   36.0 |
         Abyss |    361 |    361 |      0 |      0 |     64 |   3 |  120.3 |
   Pandemonium |  18020 |  18020 |      0 |    141 |  13062 |  22 |  819.1 |
         Trove |    120 |    120 |      0 |      0 |     69 |   1 |  120.0 |
        Bailey |    932 |    932 |      0 |      0 |    600 |   1 |  932.0 |
      Ice Cave |     58 |     58 |      0 |      0 |     15 |   1 |   58.0 |
               +--------+--------+--------+--------+--------+-----+--------+

Top non-repeatable levels by time:
   Coc:7: 2169 daAuts
     D:9: 1781 daAuts
    D:15: 1726 daAuts
 Crypt:3: 1717 daAuts
Vaults:2: 1659 daAuts
Spider:4: 1458 daAuts
     D:4: 1435 daAuts
Vaults:3: 1421 daAuts
Depths:2: 1404 daAuts
Spider:3: 1388 daAuts
Depths:1: 1331 daAuts
Vaults:4: 1321 daAuts
Vaults:5: 1225 daAuts
Shoals:2: 1223 daAuts
Shoals:4: 1212 daAuts

Levels and vault maps discovered:
D:1:      dpeg_arrival_windows_large_door, layout_loops_ring
D:2:      layout_rooms, hellmonk_ecumenical_altar_crossroads
D:3:      layout_loops_ring, mainiacjoe_overflow_six_doors_small, serial_undead,
          serial_undead_c, serial_undead_e, serial_undead_c, serial_undead_d,
          serial_undead_f, serial_undead_e, serial_undead_c,
          minmay_misc_feat_more_columns, nicolae_titane, uniq_crazy_yiuf_cottage
D:4:      layout_loops_corners, mainiacjoe_overflow_catwalk,
          nicolae_hexahallways, grunt_ministairs_5, uniq_blork_the_orc
D:5:      layout_basic, general_overflow_altar, minmay_temple_entry_sparse_star,
          uniq_sigmund, uniq_menkaure
D:6:      layout_rooms, fedhas_altar_2
D:7:      layout_cave_pools, enter_bailey_4, wad_floor_pattern_untrapped
D:8:      layout_basic, cheibriados_altar_1, uniq_prince_ribbit1
D:9:      nicolae_moon_pools, layout_basic, grunt_lair_entry_orc_guard_hut,
          serial_shops, shop, nrook_pool_corridor
D:10:     kennysheep_ambush_hall, layout_long_grid, grunt_qazlal_clouds,
          bloody_makhleb, mainiacjoe_overflow_cross_hatched,
          nemelex_spade_bored_becter, enter_trove_5, gammafunk_ghost_arena
D:11:     layout_grid_maze
D:12:     layout_basic, hiddenorc1_lemuel, uniq_maurice
D:13:     layout_long_grid, serial_ice, serial_ice_l, serial_ice_d,
          serial_ice_m, serial_ice_a, serial_ice_c, serial_ice_b, serial_ice_o,
          serial_ice_g, serial_ice_h, serial_ice_f, portal_ice_cave_rime,
          nicolae_elevator_lobby_plus
D:14:     layout_roguey, hangedman_vaults_entry_quadrant_bands, minivault_27,
          serial_shops, shop, nicolae_shop_waterfront, kennysheep_kite_vault,
          uniq_josephine
D:15:     kennysheep_seaside_town, layout_loops_corners,
          minmay_stone_trees_medium, minmay_misc_feat_square
Temple:   nicolae_temple_ecumenical_triangle
Lair:1:   layout_hall_layers, st_stairs_6, beast_lair_carwin_3
Lair:2:   layout_chaotic_city, shoals_dummy_entry, gammafunk_ghost_grave,
          grunt_megastairs_1, lemuel_fruit_tree, uniq_gastronok
Lair:3:   layout_gridlike, spider_nest_entry_a, ebering_ghost_reflecting_pool,
          grunt_megastairs_4, lemuel_fruit_fields, uniq_fannar
Lair:4:   layout_long_grid, uniq_snorg
Lair:5:   gammafunk_lair_ancient_temple, layout_small_grid,
          dpeg_slime_entry_corner
Shoals:1: layout_shoals, nicolae_shop_overcharged_wands
Shoals:2: nicolae_shoals_lighthouse, layout_shoals, nicolae_shoals_secluded_bog,
          nicolae_shoals_former_cling_halls, uniq_polyphemus, uniq_ilsuiw
Shoals:3: layout_shoals, nicolae_shoals_flooded_hall
Shoals:4: shoals_end_grunt_ice, layout_shoals, serial_shops, shop,
          nicolae_shoals_goliath_grotto
Spider:1: layout_cave_pods, drop_trap, dreamdust_wasp_nest, uniq_louise,
          uniq_mlioglotl
Spider:2: layout_spider_delve, drop_trap
Spider:3: layout_chambers, nicolae_spider_altar_of_dancing, uniq_donald
Spider:4: spider_rune_water, gammafunk_ghost_necromancy
Slime:1:  layout_caves
Slime:2:  cheibrodos_slime_lost_civilization_10, layout_caves
Slime:3:  layout_caves, basic_altar
Slime:4:  layout_caves, special_room [special_room_jelly]
Slime:5:  slime_pit_nicolae_royal_road_to_ruin
Orc:1:    layout_caves, nicolae_orc_stalacmites, blackcustard_rock_pile,
          uniq_jorgrun, uniq_nergalle, uniq_erica
Orc:2:    st_orc_rangers, layout_diamond_mine, basic_altar, uniq_erolcha
Elf:1:    layout_geoelf_octagon, basic_altar, guppyfry_elf_altar,
          minmay_misc_feat_pillars, uniq_frances
Elf:2:    nicolae_elf_blades_splatter_lattice
          [nicolae_blade_entry_sentries_behind_glass], layout_loops_cross
Elf:3:    minmay_elf_hall_furrowed, layout_geoelf_octagon, uniq_roxanne
Vaults:1: nicolae_vaults_trapezoid_lopsided_2, v_pattern_5,
          ontoclasm_vaults_loading_screen, v_misc_30,
          serial_library_hellmonk_semicircle, hangedman_vaults_snaps,
          nicolae_vaults_tetromino_Z_1, vaults_room_pool,
          layout_vaults_big_room, serial_shops, nicolae_shop_crystal
Vaults:2: hellmonk_ghost_big_iron, nicolae_vaults_trapezoid_lopsided_4,
          nicolae_vaults_more_shelving_1, nicolae_vaults_ring_of_whatevers,
          nicolae_vaults_trapezoid_lopsided_4,
          vaults_room_grunt_arrival_checkpoint, grunt_vaults_twisty,
          vaults_mumra_hexcomb, layout_vaults_quadrants, serial_shops,
          nicolae_shop_tiny_statue_garden
Vaults:3: hangedman_vaults_river_flow, nicolae_vaults_sesquioval_fish,
          st_spiral_rooms, minmay_crypt_entry_necro_gods,
          nicolae_vaults_cochlea, nicolae_vaults_little_squares_2, v_misc_13,
          vaults_mumra_chevron_long, v_pattern_2, v_misc_26,
          grunt_vaults_diagonal, vaults_room_semicircle,
          ontoclasm_vaults_gateway, nicolae_vaults_tetromino_L_1,
          layout_vaults_big_cross, uniq_frederick
Vaults:4: v_misc_17, hangedman_vaults_slice, v_rooms_3, v_rooms_4,
          nicolae_vaults_trapezoid_lopsided_4, nicolae_vaults_tetromino_L_1,
          vaults_mumra_minichess, hangedman_vaults_maws,
          vaults_room_glass_cross, nicolae_vaults_what_the_h,
          ontoclasm_vaults_tryst, grunt_vaults_hallway_short, v_misc_8,
          nicolae_vaults_little_squares_4, layout_vaults_maze_bifur, uniq_sojobo
Vaults:5
Crypt:1:  layout_misc_corridors, uniq_mennas
Crypt:2:  layout_chaotic_city, nicolae_danse_macabre
Crypt:3:  evilmike_haunted_forest, uniq_xtahua
Depths:1: layout_gridville, grunt_metal_band, nzn_hepliaklqana_mist_gate,
          tgw_sif
Depths:2: grunt_deathspiral_small, layout_basic, grunt_hell_entry_dis_mu,
          grunt_pan_entry_spiral, infiniplex_staircase_split_hallway,
          uniq_saint_roka
Depths:3: hangedman_cross_cluster, layout_cave_pools, abyss_entry,
          pf_hell_entry_tar_spiral, serial_glass, glass_columns_b,
          glass_columns_c, minmay_strange_pillars, minmay_strange_pillars,
          minmay_strange_pillars, feat_on_display
Depths:4: grunt_zot_entry_gee_three, layout_honeycomb, enter_ziggurat_b,
          hell_entry, uniq_jory
Hell
Coc:1:    layout_ice_bergs
Coc:2:    layout_cocytus_water_paths
Coc:3:    layout_cocytus_water_paths
Coc:4:    layout_cocytus_delve
Coc:5:    layout_ice_bergs, nicolae_hells_hurtin_island
Coc:6:    layout_ice_bergs, serial_ice, serial_ice_h, serial_ice_b,
          serial_ice_g, serial_ice_e
Coc:7:    coc_grunt_cove [coc_grunt_cove_antaeus, coc_grunt_cove_fiend,
          coc_grunt_cove_fiend, coc_grunt_cove_fiend, coc_grunt_cove_fiend]
Tar:1:    layout_cathedral_of_symmetry, nicolae_tar_combstack
Tar:2:    nicolae_hells_titanomachy

Table legend: (Time is in decaauts)
 A = Elapsed time spent in this place.
 B = Non-inter-level travel time spent in this place.
 C = Inter-level travel time spent in this place.
 D = Time resting spent in this place.
 E = Time spent auto-exploring this place.
 F = Levels seen in this place.
 G = Mean time per level.
                   A        B        C        D        E       F      G
               +--------+--------+--------+--------+--------+-----+--------+
         Total |  74005 |  67196 |   6809 |    730 |  50478 |  89 |  831.5 |
       Dungeon |  15476 |  12701 |   2775 |      0 |  10790 |  15 | 1031.7 |
        Temple |     34 |     17 |     17 |      0 |      0 |   1 |   34.0 |
          Lair |   4850 |   4270 |    580 |      0 |   3502 |   5 |  970.0 |
        Shoals |   4256 |   3791 |    465 |      0 |   2775 |   4 | 1064.0 |
   Spider Nest |   4347 |   4140 |    207 |      0 |   3258 |   4 | 1086.8 |
    Slime Pits |   2023 |   1810 |    213 |    444 |    786 |   5 |  404.6 |
  Orcish Mines |   1846 |   1464 |    382 |      0 |   1199 |   2 |  923.0 |
   Elven Halls |   2703 |   2585 |    118 |      0 |   1840 |   3 |  901.0 |
        Vaults |   6712 |   5619 |   1093 |      0 |   4401 |   5 | 1342.4 |
         Crypt |   3131 |   2957 |    174 |      0 |   2213 |   3 | 1043.7 |
        Depths |   4928 |   4357 |    571 |     30 |   3427 |   4 | 1232.0 |
          Hell |    568 |    489 |     79 |      0 |    330 |   1 |  568.0 |
       Cocytus |   3559 |   3444 |    115 |    114 |   2117 |   7 |  508.4 |
      Tartarus |     72 |     58 |     14 |      0 |     25 |   2 |   36.0 |
         Abyss |    361 |    361 |      0 |      0 |     64 |   3 |  120.3 |
   Pandemonium |  18020 |  18020 |      0 |    141 |  13062 |  22 |  819.1 |
         Trove |    120 |    120 |      0 |      0 |     69 |   1 |  120.0 |
        Bailey |    932 |    932 |      0 |      0 |    600 |   1 |  932.0 |
      Ice Cave |     58 |     58 |      0 |      0 |     15 |   1 |   58.0 |
               +--------+--------+--------+--------+--------+-----+--------+

Top non-repeatable levels by time:
   Coc:7: 2169 daAuts
     D:9: 1781 daAuts
    D:15: 1726 daAuts
 Crypt:3: 1717 daAuts
Vaults:2: 1659 daAuts
Spider:4: 1458 daAuts
     D:4: 1435 daAuts
Vaults:3: 1421 daAuts
Depths:2: 1404 daAuts
Spider:3: 1388 daAuts
Depths:1: 1331 daAuts
Vaults:4: 1321 daAuts
Vaults:5: 1225 daAuts
Shoals:2: 1223 daAuts
Shoals:4: 1212 daAuts

Table legend:
 A = Kills in this place as a percentage of kills in the entire game.
 B = Kills by you in this place as a percentage of kills by you in the entire game.
 C = Kills by friends in this place as a percentage of kills by friends in the entire game.
 D = Other kills in this place as a percentage of other kills in the entire game.
 E = Experience gained in this place as a percentage of experience gained in the entire game.
 F = Experience gained in this place divided by the number of levels of this place that you have seen.
                   A       B       C       D       E      F
               +-------+-------+-------+-------+-------+----------------------
         Total | 100.0 | 100.0 | 100.0 | 100.0 | 100.0 | 28082.9
       Dungeon |  11.7 |  11.8 |   0.0 |   0.0 |   2.9 | 4867.0
          Lair |   5.5 |   5.5 |   0.0 |  11.8 |   2.5 | 12477.2
        Shoals |   4.8 |   4.9 |   0.0 |   0.0 |   3.9 | 24211.5
   Spider Nest |   6.9 |   7.1 |   0.0 |   0.0 |   4.5 | 28388.0
    Slime Pits |   3.7 |   3.7 |   5.3 |   0.0 |   4.0 | 20004.0
  Orcish Mines |   2.8 |   2.9 |   0.0 |   0.0 |   0.7 | 8500.5
   Elven Halls |   4.0 |   3.9 |   7.9 |  11.8 |   4.4 | 37058.3
        Vaults |   9.3 |   9.4 |   2.6 |  11.8 |  11.7 | 58299.8
         Crypt |   5.4 |   5.5 |   0.0 |   0.0 |   4.8 | 39701.0
        Depths |   6.5 |   6.6 |   0.0 |   5.9 |   9.3 | 58279.0
          Hell |   1.8 |   1.8 |   0.0 |   0.0 |   1.8 | 45323.0
       Cocytus |   6.2 |   5.9 |  28.9 |  29.4 |  10.7 | 38309.4
      Tartarus |   0.2 |   0.2 |   2.6 |   0.0 |   0.5 | 5664.0
         Abyss |   0.5 |   0.5 |   0.0 |   0.0 |   0.4 | 3167.3
   Pandemonium |  29.2 |  29.0 |  52.6 |  29.4 |  37.7 | 42799.2
        Bailey |   1.2 |   1.2 |   0.0 |   0.0 |   0.1 | 3448.0
      Ice Cave |   0.2 |   0.2 |   0.0 |   0.0 |   0.1 | 2325.0
               +-------+-------+-------+-------+-------+----------------------
